Workbook
Name ABC: #REF!
Name ABC: #REF!
Name ABC: #REF!
Name ABC: #REF!
Name ABC: #REF!
Name ABC: #REF!
Name DADOS: #REF!
Name DADOS: #REF!
Name DADOS: #REF!
Name DADOS: #REF!
Name DADOS: #REF!
Name DADOS: #REF!
Name DADOS: #REF!
Name DADOS: #REF!
Name DADOS: #REF!
Name DADOS_01: [1]PISO!$J$1:$L$1302
Name DADOS_01: [1]PISO!$J$1:$L$1302
Name DADOS_01: [1]PISO!$J$1:$L$1302
Name DRN: #REF!
Name DRN: #REF!
Name DRN: #REF!
Name DRN: #REF!
Name DRN: #REF!
Name DRN: #REF!
Name DRN: #REF!
Name DRN: #REF!
Name DRN: #REF!
Name DRN_dados: #REF!
Name DRN_dados: #REF!
Name DRN_dados: #REF!
Name DRN_dados: #REF!
Name DRN_dados: #REF!
Name DRN_dados: #REF!
Name DRN_dados: #REF!
Name DRN_dados: #REF!
Name DRN_dados: #REF!
Name DRN_FUNDO: #REF!
Name DRN_FUNDO: #REF!
Name DRN_FUNDO: #REF!
Name DRN_FUNDO: #REF!
Name DRN_FUNDO: #REF!
Name DRN_FUNDO: #REF!
Name DRN_FUNDO: #REF!
Name DRN_FUNDO: #REF!
Name DRN_FUNDO: #REF!
Name DRN_GALERIA: #REF!
Name DRN_GALERIA: #REF!
Name DRN_GALERIA: #REF!
Name DRN_GALERIA: #REF!
Name DRN_GALERIA: #REF!
Name DRN_GALERIA: #REF!
Name DRN_GALERIA: #REF!
Name DRN_GALERIA: #REF!
Name DRN_GALERIA: #REF!
Name DRN_PAVIMENTO: #REF!
Name DRN_PAVIMENTO: #REF!
Name DRN_PAVIMENTO: #REF!
Name DRN_PAVIMENTO: #REF!
Name DRN_PAVIMENTO: #REF!
Name DRN_PAVIMENTO: #REF!

Sheet CAPA
B2: GOVERNO DO DISTRITO FEDERAL
B3: COMPANHIA URBANIZADORA DA NOVA CAPITAL DO BRASIL - NOVACAP
B4: DIRETORIA DE URBANIZAÇÃO
B13: DADOS DA OBRA:
B14: RECONSTRUÇÃO E IMPLANTAÇÃO DE CALÇADAS
B15: GAMA
B17: INTERESSADO: PROCESSO 00112-00004957/2025-51
B19: SEM DESONERAÇÃO
B20: TABELA DE REFERÊNCIA - SINAPI ABRIL/25 - SICRO JAN/25 - PMSP JAN/25
B21: RESPONSÁVEL TECNICO DO ORÇAMENTO:
B22: FABIO ROSSIGNOLI MARQUES
B23: CREA: 83382/D-MG
B26: VALOR DA OBRA:
B27: 7072842.5
B32: MODIFICAÇÃO | C32: DATA
B33: 02 | C33: 45798

Sheet GAMA
B1: ESTIMATIVA DE PREÇOS
B2: SEM DESONERAÇÃO | H2: 7072842.5
B3: INTERESSADO: PROCESSO 00112-00004957/2025-51
B4: RECONSTRUÇÃO E IMPLANTAÇÃO DE CALÇADAS
B5: TABELA DE REFERÊNCIA - SINAPI ABRIL/25 - SICRO JAN/25 - PMSP JAN/25
D7: Distância Média de Transporte DMT (km)
D8: CASCALHEIRA | E8: NOVACAP | F8: BOTA FORA ESTRUTURAL
B9: 0.63 | C9: Calçada Ruim | D9: 0 | E9: 28 | F9: 41
B10: 0 | C10: Calçada Regular
A11: TAB REFERÊNCIA | C11: DESCRIÇÃO DO ITEM | D11: UNIDADE | E11: QUANTIDADE | F11: CUSTO UNI | G11: CUSTO TOTAL | H11: ÁREA DE DEMOLIÇÃO DE PAVIMENTO
H12: Comprimento da calçada | I12: 17139.043 | J12: m
B13: GRUPO 01 | C13: Demolição de calçadas | D13: 34278.086 | E13: m2 | H13: largura da calçada | I13: 2 | J13: m
A14: SINAPI | B14: 97636 | C14: DEMOLIÇÃO PARCIAL DE PAVIMENTO, DE FORMA MECANIZADA, SEM REAPROVEITAMENTO. AF_09/2023 | D14: M2 | E14: 34278.086 | F14: 23.51 | G14: 805877.8 | H14: ESPESSURA DE CONCRETO | I14: 0.05
C15: Carga e transporte do material demolido | I15: m3 | J15: t
A16: SINAPI | B16: 100989 | C16: CARGA, MANOBRA E DESCARGA DE SOLOS E MATERIAIS GRANULARES EM CAMINHÃO BASCULANTE 6 M³ - CARGA COM PÁ CARREGADEIRA (CAÇAMBA DE 1,7 A 2,8 M³ / 128 HP) E DESCARGA LIVRE (UNIDADE: T). AF_07/2020 | D16: T | E16: 2570.8564 | F16: 6.05 | G16: 15553.681 | H16: Estimado espessura de demolição de 5 cm 1,5 t/m3 | I16: 1713.9043 | J16: =I16*1.5 -> 2570.8564
A17: SINAPI | B17: 95879 | C17: TRANSPORTE COM CAMINHÃO BASCULANTE DE 14 M³, EM VIA URBANA PAVIMENTADA, DMT ATÉ 30 KM (UNIDADE: TXKM). AF_07/2020 | D17: TXKM | E17: 71983.98 | F17: 1.53 | G17: 110135.49 | H17: Transporte para o Bota Fora, até a distância de 30,0 km
A18: SINAPI | B18: 93599 | C18: TRANSPORTE COM CAMINHÃO BASCULANTE DE 14 M³, EM VIA URBANA PAVIMENTADA, ADICIONAL PARA DMT EXCEDENTE A 30 KM (UNIDADE: TXKM). AF_07/2020 | D18: TXKM | E18: 0 | F18: 0.61 | G18: 0 | H18: Transporte excedente a 30 km, com DMT NOVACAP
F19: SOMA PARCIAL | G19: 931566.97
I20: MF RUIM | J20: MF REGULAR
B21: GRUPO 02 | C21: Demolição de meio fio | D21: 8321 | E21: m | H21: Quantidade Extraida do SGPU (Meio fio ruim e /ou regular) | I21: 0.5 | J21: 0
A22: SINAPI | B22: 104790 | C22: DEMOLIÇÃO DE PISO DE CONCRETO SIMPLES, DE FORMA MECANIZADA COM MARTELETE, SEM REAPROVEITAMENTO. AF_09/2023 | D22: M3 | E22: 357.803 | F22: 115.71 | G22: 41401.385 | H22: Cada meio fio possui 0,043 m3
C23: Carga e transporte do material demolido
A24: SINAPI | B24: 100989 | C24: CARGA, MANOBRA E DESCARGA DE SOLOS E MATERIAIS GRANULARES EM CAMINHÃO BASCULANTE 6 M³ - CARGA COM PÁ CARREGADEIRA (CAÇAMBA DE 1,7 A 2,8 M³ / 128 HP) E DESCARGA LIVRE (UNIDADE: T). AF_07/2020 | D24: T | E24: 536.7045 | F24: 6.05 | G24: 3247.0622 | H24: Volume demolido x 1,5 t/m3
A25: SINAPI | B25: 95879 | C25: TRANSPORTE COM CAMINHÃO BASCULANTE DE 14 M³, EM VIA URBANA PAVIMENTADA, DMT ATÉ 30 KM (UNIDADE: TXKM). AF_07/2020 | D25: TXKM | E25: 15027.726 | F25: 1.53 | G25: 22992.421 | H25: Transporte para o Bota Fora, até a distância de 30,0 km, com DMT da Novacap até a obra
A26: SINAPI | B26: 93599 | C26: TRANSPORTE COM CAMINHÃO BASCULANTE DE 14 M³, EM VIA URBANA PAVIMENTADA, ADICIONAL PARA DMT EXCEDENTE A 30 KM (UNIDADE: TXKM). AF_07/2020 | D26: TXKM | E26: 0 | F26: 0.61 | G26: 0 | H26: Transporte excedente a 30 km, com DMT da Novacap até a obra
F27: SOMA PARCIAL | G27: 67640.868
B29: GRUPO 03 | C29: Limpeza de camada vegetal | D29: 1713.9043 | E29: m2 | H29: Estimado igual a 5% da área de calçada a demolir
A30: SICRO | B30: 5502985 | C30: Limpeza mecanizada da camada vegetal | D30: m² | E30: 1713.9043 | F30: 0.56 | G30: 959.7864 | H30: ESPESSURA DE LIMPEZA | I30: 0.1 | J30: m
C31: Carga e transporte da limpeza vegetal
A32: SINAPI | B32: 100995 | C32: CARGA, MANOBRA E DESCARGA DE SOLOS E MATERIAIS GRANULARES EM CAMINHÃO BASCULANTE 14 M³ - CARGA COM ESCAVADEIRA HIDRÁULICA (CAÇAMBA DE 1,20 M³ / 155 HP) E DESCARGA LIVRE (UNIDADE: T). AF_07/2020 | D32: T | E32: 257.08564 | F32: 4.66 | G32: 1198.0191 | H32: Estimado espessura de limpeza de 10 cm, multiplicado por 1,5 t/m3
A33: SINAPI | B33: 95879 | C33: TRANSPORTE COM CAMINHÃO BASCULANTE DE 14 M³, EM VIA URBANA PAVIMENTADA, DMT ATÉ 30 KM (UNIDADE: TXKM). AF_07/2020 | D33: TXKM | E33: 7712.5693 | F33: 1.53 | G33: 11800.231 | H33: Transporte para o Bota Fora, até a distância de 30,0 km
A34: SINAPI | B34: 93599 | C34: TRANSPORTE COM CAMINHÃO BASCULANTE DE 14 M³, EM VIA URBANA PAVIMENTADA, ADICIONAL PARA DMT EXCEDENTE A 30 KM (UNIDADE: TXKM). AF_07/2020 | D34: TXKM | E34: 2827.9421 | F34: 0.61 | G34: 1725.0447 | H34: Transporte excedente a 30 km, com DMT BOTA FORA
A35: NOVACAP | B35: Item 3 | C35: DISPOSIÇÃO FINAL DE RESÍDUOS DA CONSTRUÇÃO CIVIL SEGREGADOS (RESOLUÇÃO Nº 45, DE 27 DE NOVEMBRO DE 2024) - Atualizado em ABRIL/2025 (https://www.sinj.df.gov.br/sinj/Norma/0098bc504bf84700928dd5d4a9dc6efc/adasa_res_45_2024_rep.html) | D35: T | E35: 231.37708 | F35: 17.13 | G35: 3963.4894 | H35: estimado que 90% do material demolido está segregado, esta quantidade deve ser aferida em campo.
A36: NOVACAP | B36: Item 4 | C36: DISPOSIÇÃO FINAL DE RESÍDUOS DA CONSTRUÇÃO CIVIL NÃO SEGREGADOS (RESOLUÇÃO Nº 45, DE 27 DE NOVEMBRO DE 2024) - Atualizado em ABRIL/2025 (https://www.sinj.df.gov.br/sinj/Norma/0098bc504bf84700928dd5d4a9dc6efc/adasa_res_45_2024_rep.html) | D36: T | E36: 25.708564 | F36: 28.42 | G36: 730.6374 | H36: estimado que 10% do material demolido NÃO está segregado, esta quantidade deve ser aferida em campo.
F37: SOMA PARCIAL | G37: 20377.208
B39: GRUPO 04 | C39: Nivelamento de PV | D39: 740 | E39: und. | I39: 1
A40: NOVACAP | B40: 06-21-00M/PMSP | C40: LEVANTAMENTO OU REBAIXAMENTO DE TAMPÃO DE POÇO DE VISITA | D40: UNID. | E40: 740 | F40: 184.11327 | G40: 136243.82 | H40: Quantidade Extraida do SGPU (PV saliente ou rebaixado)
F41: SOMA PARCIAL | G41: 136243.82
B43: GRUPO 05 | C43: EXECUÇÃO CALÇADA E RAMPAS DE ACESSIBILIDADE | D43: 25708.564 | E43: m2 | H43: Soma da área de demolição de calçadas, com a área de limpeza de camada vegetal, excluído a área de calçada armada.
C44: ATERRO
A45: SINAPI | B45: 6077 | C45: ARGILA OU BARRO PARA ATERRO/REATERRO (RETIRADO NA JAZIDA, SEM TRANSPORTE) | D45: M3 | E45: 771.25693 | F45: 38.76 | G45: 29893.919 | H45: Estimado 3,0 cm de aterro, devendo ser aferido em campo a necessidade de efetuar o aterro, bem como a quantidade de material a ser empregado.
A46: NOVACAP | B46: 4915703M | C46: Espalhamento de material de preenchimento e compactação com rolo compactador de 1,6 t | D46: M3 | E46: 771.25693 | F46: 104.36 | G46: 80488.373 | H46: Igual a área a pavimentar
C47: LASTRO DE BRITA
A48: SINAPI | B48: 4718 | C48: PEDRA BRITADA N. 2 (19 A 38 MM) POSTO PEDREIRA/FORNECEDOR, SEM FRETE | D48: M3 | E48: 1285.4282 | F48: 186.14 | G48: 239269.61 | H48: Estimado 5,0 cm de lastro de brita, devendo ser aferido em campo a necessidade de efetuar o lastro, bem como a quantidade de material a ser empregado.
B49: 4915703M | C49: Espalhamento de material de preenchimento e compactação com rolo compactador de 1,6 t | D49: M3 | E49: 1285.4282 | F49: 104.36 | G49: 134147.29 | H49: Igual a área a pavimentar
C50: EXECUÇÃO CALÇADA E RAMPAS DE ACESSIBILIDADE
A51: NOVACAP | B51: 94991M | C51: EXECUÇÃO DE PASSEIO (CALÇADA) OU PISO DE CONCRETO COM CONCRETO MOLDADO IN LOCO, USINADO, ACABAMENTO CONVENCIONAL, NÃO ARMADO. AF_07/2016 - EXCLUINDO O SARRAFO | D51: M3 | E51: 1285.4282 | F51: 638.05158 | G51: 820169.5 | H51: Calçada de 5,0 cm
C52: TRANSPORTE DA ARGILA E DA BRITA (LASTRO) | E52: 3085.0277 | F52: t
A53: SINAPI | B53: 95879 | C53: TRANSPORTE COM CAMINHÃO BASCULANTE DE 14 M³, EM VIA URBANA PAVIMENTADA, DMT ATÉ 30 KM (UNIDADE: TXKM). AF_07/2020 | D53: TXKM | E53: 86380.776 | F53: 1.53 | G53: 132162.59 | H53: Transporte até 30 km, com DMT NOVACAP
A54: SINAPI | B54: 93599 | C54: TRANSPORTE COM CAMINHÃO BASCULANTE DE 14 M³, EM VIA URBANA PAVIMENTADA, ADICIONAL PARA DMT EXCEDENTE A 30 KM (UNIDADE: TXKM). AF_07/2020 | D54: TXKM | E54: 0 | F54: 0.61 | G54: 0 | H54: Transporte excedente a 30 km, com DMT NOVACAP
C55: UMIDIFICAÇÃO (LASTRO E CURA DO CONCRETO) | E55: 2570.8564 | F55: m3 | H55: Estimado igual a 2x o volume de lastro de BGS, devendo ser aferido em campo, pois depende da quantidade de vezes a ser aplicada, que por sua vez depende da umidade relativa do ar.
A56: NOVACAP | B56: 95606M | C56: UMIDIFICAÇÃO DE MATERIAL PARA VALAS COM CAMINHÃO PIPA 10000L. AF_11/2016 | D56: M3 | E56: 2570.8564 | F56: 2.448 | G56: 6293.4566
F57: SOMA PARCIAL | G57: 1442424.7
B59: GRUPO 06 | C59: EXECUÇÃO CALÇADA ARMADA E RAMPAS DE ACESSIBILIDADE | D59: 10283.426 | E59: m2 | H59: Estimado que 30% da área de calçada demolida será reconstruida, em concreto armado.
C60: ATERRO
A61: SINAPI | B61: 6077 | C61: ARGILA OU BARRO PARA ATERRO/REATERRO (RETIRADO NA JAZIDA, SEM TRANSPORTE) | D61: M3 | E61: 308.50277 | F61: 38.76 | G61: 11957.567 | H61: Estimado 3,0 cm de aterro, devendo ser aferido em campo a necessidade de efetuar o aterro, bem como a quantidade de material a ser empregado.
A62: NOVACAP | B62: 4915703M | C62: Espalhamento de material de preenchimento e compactação com rolo compactador de 1,6 t | D62: M3 | E62: 308.50277 | F62: 104.36 | G62: 32195.349 | H62: Igual a área a pavimentar
C63: LASTRO DE BRITA
A64: SINAPI | B64: 4718 | C64: PEDRA BRITADA N. 2 (19 A 38 MM) POSTO PEDREIRA/FORNECEDOR, SEM FRETE | D64: M3 | E64: 514.17129 | F64: 186.14 | G64: 95707.843 | H64: Estimado 5,0 cm de lastro de brita, devendo ser aferido em campo a necessidade de efetuar o lastro, bem como a quantidade de material a ser empregado.
B65: 4915703M | C65: Espalhamento de material de preenchimento e compactação com rolo compactador de 1,6 t | D65: M3 | E65: 514.17129 | F65: 104.36 | G65: 53658.916 | H65: Igual a área a pavimentar
C66: EXECUÇÃO CALÇADA E RAMPAS DE ACESSIBILIDADE
A67: NOVACAP | B67: 94995M | C67: EXECUÇÃO DE PASSEIO (CALÇADA) OU PISO DE CONCRETO COM CONCRETO MOLDADO IN LOCO, USINADO, ACABAMENTO CONVENCIONAL, ESPESSURA 8 CM, ARMADO. AF_07/2016 - EXCLUINDO O SARRAFO E LONA PLÁSTICA | D67: M2 | E67: 10283.426 | F67: 84.869537 | G67: 872749.58 | H67: Calçada de 8,0 cm
C68: TRANSPORTE DA ARGILA E DA BRITA (LASTRO) | E68: 1234.0111 | F68: t
A69: SINAPI | B69: 95879 | C69: TRANSPORTE COM CAMINHÃO BASCULANTE DE 14 M³, EM VIA URBANA PAVIMENTADA, DMT ATÉ 30 KM (UNIDADE: TXKM). AF_07/2020 | D69: TXKM | E69: 34552.31 | F69: 1.53 | G69: 52865.035 | H69: Transporte até 30 km, com DMT NOVACAP
A70: SINAPI | B70: 93599 | C70: TRANSPORTE COM CAMINHÃO BASCULANTE DE 14 M³, EM VIA URBANA PAVIMENTADA, ADICIONAL PARA DMT EXCEDENTE A 30 KM (UNIDADE: TXKM). AF_07/2020 | D70: TXKM | E70: 0 | F70: 0.61 | G70: 0 | H70: Transporte excedente a 30 km, com DMT NOVACAP
C71: UMIDIFICAÇÃO (LASTRO E CURA DO CONCRETO) | E71: 1028.3426 | F71: m3 | H71: Estimado igual a 2 X o volume de lastro de BGS, devendo ser aferido em campo, pois depende da quantidade de vezes a ser aplicada, que por sua vez depende da umidade relativa do ar.
A72: NOVACAP | B72: 95606M | C72: UMIDIFICAÇÃO DE MATERIAL PARA VALAS COM CAMINHÃO PIPA 10000L. AF_11/2016 | D72: M3 | E72: 1028.3426 | F72: 2.448 | G72: 2517.3826
F73: SOMA PARCIAL | G73: 1121651.7
B75: GRUPO 07 | C75: EXECUÇÃO DE MEIO-FIO | E75: 8321 | F75: m | H75: Igual a Extensão de meio-fio a demolir
A76: SINAPI | B76: 94273 | C76: ASSENTAMENTO DE GUIA (MEIO-FIO) EM TRECHO RETO, CONFECCIONADA EM CONCRETO PRÉ-FABRICADO, DIMENSÕES 100X15X13X30 CM (COMPRIMENTO X BASE INFERIOR X BASE SUPERIOR X ALTURA). AF_01/2024 | D76: M | E76: 8321 | F76: 49.48 | G76: 411723.08 | H76: Quantidade estimada, deve ser aferida em campo.
C77: TRANSPORTE DE AREIA | E77: 87.3705 | F77: t | H77: 0,0070000 | I77: CONSUMO DE AREIA
A78: SINAPI | B78: 95879 | C78: TRANSPORTE COM CAMINHÃO BASCULANTE DE 14 M³, EM VIA URBANA PAVIMENTADA, DMT ATÉ 30 KM (UNIDADE: TXKM). AF_07/2020 | D78: TXKM | E78: 2446.374 | F78: 1.53 | G78: 3742.9522
A79: SINAPI | B79: 93599 | C79: TRANSPORTE COM CAMINHÃO BASCULANTE DE 14 M³, EM VIA URBANA PAVIMENTADA, ADICIONAL PARA DMT EXCEDENTE A 30 KM (UNIDADE: TXKM). AF_07/2020 | D79: TXKM | E79: 0 | F79: 0.61 | G79: 0
F80: SOMA PARCIAL | G80: 415466.03
B82: GRUPO 08 | C82: EXECUÇÃO DE CORDÃO DE CONCRETO | E82: 833 | F82: m | H82: Estimado em 10% da extensão de meio-fio a executar. Quantitativo estimado, devendo ser aferido em campo
A83: NOVACAP | B83: 94273M1/SINAPI | C83: ASSENTAMENTO DE GUIA (MEIO-FIO) TIPO CORDÃO E VIGA P/ BOCA DE LOBO, EM TRECHO RETO, CONFECCIONADA EM CONCRETO PRÉ-FABRICADO, DIMENSÕES 100X8X10X17 CM (COMPRIMENTO X BASE SUPERIOR X BASE INFERIOR X ALTURA) OU SIMILAR PARA VIAS URBANAS (USO VIÁRIO)(FORNECIMENTO E INSTALAÇÃO) | D83: M | E83: 833 | F83: 42.54641 | G83: 35441.16
C84: TRANSPORTE DE AREIA | E84: 8.7465 | F84: t | H84: 0,0070000 | I84: CONSUMO DE AREIA
A85: SINAPI | B85: 95879 | C85: TRANSPORTE COM CAMINHÃO BASCULANTE DE 14 M³, EM VIA URBANA PAVIMENTADA, DMT ATÉ 30 KM (UNIDADE: TXKM). AF_07/2020 | D85: TXKM | E85: 244.902 | F85: 1.53 | G85: 374.70006 | H85: Transporte até 30 km, com DMT NOVACAP
A86: SINAPI | B86: 93599 | C86: TRANSPORTE COM CAMINHÃO BASCULANTE DE 14 M³, EM VIA URBANA PAVIMENTADA, ADICIONAL PARA DMT EXCEDENTE A 30 KM (UNIDADE: TXKM). AF_07/2020 | D86: TXKM | E86: 0 | F86: 0.61 | G86: 0 | H86: Transporte excedente a 30 km, com DMT NOVACAP
F87: SOMA PARCIAL | G87: 35815.86
I88: Ruim | J88: Regular
B89: GRUPO 09 | C89: EXECUÇÃO BOCA DE LOBO DUPLA | D89: 136 | E89: und. | H89: Quantidade estimada, deve ser aferida em campo (Para recuperação de Boca de Lobo "Ruim" e "Regular") e/ou BL Novas | I89: 0.5 | J89: 0
A90: SINAPI | B90: 97957 | C90: CAIXA PARA BOCA DE LOBO DUPLA RETANGULAR, EM ALVENARIA COM BLOCOS DE CONCRETO, DIMENSÕES INTERNAS: 0,6X2,2X1,2 M. AF_12/2020 | D90: UN | E90: 136 | F90: 2961.11 | G90: 402710.96 | H90: ESPESSURA DE CONCRETO
C91: SARJETA DE CONCRETO | E91: 11 | F91: und.
A92: SINAPI | B92: 97636 | C92: DEMOLIÇÃO PARCIAL DE PAVIMENTO ASFÁLTICO, DE FORMA MECANIZADA, SEM REAPROVEITAMENTO. AF_09/2023 | D92: M2 | E92: 501.84 | F92: 23.51 | G92: 11798.258 | H92: Comprimento de sarjeta (7+ 0,60 + 0,60) X 0,45 M DE LARGURA, multiplicado pela quantidade de BL
A93: SINAPI | B93: 94283 | C93: EXECUÇÃO DE SARJETA DE CONCRETO USINADO, MOLDADA IN LOCO EM TRECHO RETO, 45 CM BASE X 15 CM ALTURA. AF_01/2024 | D93: M | E93: 1115.2 | F93: 60.3 | G93: 67246.56 | H93: Comprimento de sarjetaL (7+ 0,60 + 0,60), multiplicado pela quantidade de BL
C94: TRANSPORTE DO PAVIMENTO DEMOLIDO | D94: 112.914 | E94: T | H94: Estimado igual a quantidade de BL x (7+0,60+0,60)*0,45*0,15*1,5 t/m3
A95: SINAPI | B95: 95879 | C95: TRANSPORTE COM CAMINHÃO BASCULANTE DE 14 M³, EM VIA URBANA PAVIMENTADA, DMT ATÉ 30 KM (UNIDADE: TXKM). AF_07/2020 | D95: TXKM | E95: 3161.592 | F95: 1.53 | G95: 4837.2358
A96: SINAPI | B96: 93599 | C96: TRANSPORTE COM CAMINHÃO BASCULANTE DE 14 M³, EM VIA URBANA PAVIMENTADA, ADICIONAL PARA DMT EXCEDENTE A 30 KM (UNIDADE: TXKM). AF_07/2020 | D96: TXKM | E96: 0 | F96: 0.61 | G96: 0
F97: SOMA PARCIAL | G97: 486593.01
B99: GRUPO 10 | C99: EXECUÇÃO BOCA DE LOBO SIMPLES | D99: 136 | E99: und. | H99: Quantidade estimada, deve ser aferida em campo (Para recuperação de Boca de Lobo "Ruim" e "Regular") e/ou BL Novas | I99: 0.5
A100: SINAPI | B100: 97956 | C100: CAIXA PARA BOCA DE LOBO SIMPLES RETANGULAR, EM ALVENARIA COM BLOCOS DE CONCRETO, DIMENSÕES INTERNAS: 0,6X1X1,2 M. AF_12/2020 | D100: UN | E100: 136 | F100: 1664.34 | G100: 226350.24 | H100: ESPESSURA DE CONCRETO
C101: SARJETA DE CONCRETO | E101: 11 | F101: und.
A102: SINAPI | B102: 97636 | C102: DEMOLIÇÃO PARCIAL DE PAVIMENTO ASFÁLTICO, DE FORMA MECANIZADA, SEM REAPROVEITAMENTO. AF_09/2023 | D102: M2 | E102: 379.44 | F102: 23.51 | G102: 8920.6344 | H102: Comprimento de sarjeta (5+ 0,60 + 0,60) X 0,45 M DE LARGURA, multiplicado pela quantidade de BL
A103: SINAPI | B103: 94283 | C103: EXECUÇÃO DE SARJETA DE CONCRETO USINADO, MOLDADA IN LOCO EM TRECHO RETO, 45 CM BASE X 15 CM ALTURA. AF_01/2024 | D103: M | E103: 843.2 | F103: 60.3 | G103: 50844.96 | H103: Comprimento de sarjeta (5,00+ 0,60 + 0,60), multiplicado pela quantidade de BL
C104: TRANSPORTE DO PAVIMENTO DEMOLIDO | D104: 85.374 | E104: T | H104: Estimado igual a quantidade de BL x (5,00+0,60+0,60)*0,45*0,15*1,5 t/m3
A105: SINAPI | B105: 95879 | C105: TRANSPORTE COM CAMINHÃO BASCULANTE DE 14 M³, EM VIA URBANA PAVIMENTADA, DMT ATÉ 30 KM (UNIDADE: TXKM). AF_07/2020 | D105: TXKM | E105: 2390.472 | F105: 1.53 | G105: 3657.4222
A106: SINAPI | B106: 93599 | C106: TRANSPORTE COM CAMINHÃO BASCULANTE DE 14 M³, EM VIA URBANA PAVIMENTADA, ADICIONAL PARA DMT EXCEDENTE A 30 KM (UNIDADE: TXKM). AF_07/2020 | D106: TXKM | E106: 0 | F106: 0.61 | G106: 0
F107: SOMA PARCIAL | G107: 289773.26
B109: GRUPO 11 | C109: SINALIZAÇÃO DE OBRA | D109: 103 | E109: m | H109: Quantidade estimada, deve ser aferida em campo
...

Sheet RESUMO
A5: RESUMO DA ESTIMATIVA DE PREÇOS
A6: SEM DESONERAÇÃO
A7: INTERESSADO: PROCESSO 00112-00004957/2025-51
A8: RECONSTRUÇÃO E IMPLANTAÇÃO DE CALÇADAS | F8: 1000
A9: TABELA DE REFERÊNCIA - SINAPI ABRIL/25 - SICRO JAN/25 - PMSP JAN/25
H10: COMPRIMENTO | I10: LARGURA
F11: BDI
A12: ITEM | B12: DESCRIÇÃO DO ITEM | C12: CUSTO TOTAL (com BDI) | D12: % DO TOTAL DA OBRA | F12: 0.2122
A13: GRUPO 01 | B13: Demolição de calçadas | C13: 1129245.5 | D13: 0.15965936 | F13: 931566.97
A14: GRUPO 02 | B14: Demolição de meio fio | C14: 81994.26 | D14: 0.01159283 | F14: 67640.868
A15: GRUPO 03 | B15: Limpeza de camada vegetal | C15: 24701.252 | D15: 0.003492408 | F15: 20377.208
A16: GRUPO 04 | B16: Nivelamento de PV | C16: 165154.76 | D16: 0.023350549 | F16: 136243.82
A17: GRUPO 05 | B17: EXECUÇÃO CALÇADA E RAMPAS DE ACESSIBILIDADE | C17: 1748507.3 | D17: 0.24721422 | F17: 1442424.7
A18: GRUPO 06 | B18: EXECUÇÃO CALÇADA ARMADA E RAMPAS DE ACESSIBILIDADE | C18: 1359666.2 | D18: 0.19223758 | F18: 1121651.7
A19: GRUPO 07 | B19: EXECUÇÃO DE MEIO-FIO | C19: 503627.92 | D19: 0.071205873 | F19: 415466.03
A20: GRUPO 08 | B20: EXECUÇÃO DE CORDÃO DE CONCRETO | C20: 43415.985 | D20: 0.0061384069 | E20: 3 | F20: 35815.86
A21: GRUPO 09 | B21: EXECUÇÃO BOCA DE LOBO DUPLA | C21: 589848.05 | D21: 0.083396181 | F21: 486593.01 | G21: 0
A22: GRUPO 10 | B22: EXECUÇÃO BOCA DE LOBO SIMPLES | C22: 351263.14 | D22: 0.049663645 | F22: 289773.26
A23: GRUPO 11 | B23: SINALIZAÇÃO DE OBRA | C23: 7823.9496 | D23: 0.0011061959 | F23: 6454.3389
A24: GRUPO 12 | B24: PEÇAS DE REPOSIÇÃO | C24: 277831.67 | D24: 0.039281473 | F24: 229196.23
A25: GRUPO 13 | B25: REGISTRO (AS BUILT) E CONTROLE TÉCNICO DA OBRA | C25: 434996.08 | D25: 0.0615023 | F25: 358848.44
A26: GRUPO 14 | B26: ADM LOCAL | C26: 354766.54 | D26: 0.050158976 | F26: 292663.37
A27: GRUPO 19 | C27: 0 | D27: 0
A28: GRUPO 20 | C28: 0 | D28: 0
A29: GRUPO 21 | C29: 0 | D29: 0
A30: GRUPO 22 | C30: 0 | D30: 0
A31: GRUPO 23 | C31: 0 | D31: 0
A32: GRUPO 24 | C32: 0 | D32: 0
A33: GRUPO 25 | C33: 0 | D33: 0
A34: GRUPO 26 | D34: 0
A35: GRUPO 27 | C35: 0 | D35: 0
A36: GRUPO 28 | C36: 0 | D36: 0
A37: GRUPO 29 | C37: 0 | D37: 0
A38: GRUPO 30 | C38: 0 | D38: 0
A39: GRUPO 31 | C39: 0 | D39: 0
A40: GRUPO 32 | C40: 0 | D40: 0
A41: GRUPO 33 | C41: 0 | D41: 0
A42: GRUPO 35 | C42: 0 | D42: 0
A43: GRUPO 36 | C43: 0 | D43: 0
A44: GRUPO 37 | C44: 0 | D44: 0
A45: GRUPO 38 | C45: 0 | D45: 0
B48: TOTAL DA ESTIMATIVA | C48: 7072842.5 | D48: 1
C50: 7072842.5 | F50: 5834715.8
B53: CONFERÊNCIA | C53: 0

Sheet PADRÃO ATA
B1: PREÇO PARA ATA
B2: =CAPA!B14 -> RECONSTRUÇÃO E IMPLANTAÇÃO DE CALÇADAS
B3: =CAPA!B19 -> SEM DESONERAÇÃO
B4: =CAPA!B17 -> INTERESSADO: PROCESSO 00112-00004957/2025-51
G6: R$ com BDI | H6: R$ com BDI
B7: ITEM | C7: CÓDIGO | D7: DESCRIÇÃO DO ITEM | E7: UNIDADE | F7: QUANTIDADE | G7: PREÇO UNI | H7: PREÇO TOTAL | I7: % | J7: % ACUMULADA | K7: CLASSIFICAÇÃO
B8: 1 | C8: 94995M | D8: EXECUÇÃO DE PASSEIO (CALÇADA) OU PISO DE CONCRETO COM CONCRETO MOLDADO IN LOCO, USINADO, ACABAMENTO CONVENCIONAL, ESPESSURA 8 CM, ARMADO. AF_07/2016 - EXCLUINDO O SARRAFO E LONA PLÁSTICA | E8: M2 | F8: 10283.426 | G8: 102.87885 | H8: 1057947 | I8: 0.14957876 | J8: 0.14957876 | K8: A
B9: 2 | C9: 97636 | D9: DEMOLIÇÃO PARCIAL DE PAVIMENTO, DE FORMA MECANIZADA, SEM REAPROVEITAMENTO. AF_09/2023 | E9: M2 | F9: 35159.366 | G9: 28.498822 | H9: 1002000.5 | I9: 0.14166871 | J9: 0.29124748 | K9: A
B10: 3 | C10: 94991M | D10: EXECUÇÃO DE PASSEIO (CALÇADA) OU PISO DE CONCRETO COM CONCRETO MOLDADO IN LOCO, USINADO, ACABAMENTO CONVENCIONAL, NÃO ARMADO. AF_07/2016 - EXCLUINDO O SARRAFO | E10: M3 | F10: 1285.4282 | G10: 773.44612 | H10: 994209.47 | I10: 0.14056717 | J10: 0.43181465 | K10: A
B11: 4 | C11: 94273 | D11: ASSENTAMENTO DE GUIA (MEIO-FIO) EM TRECHO RETO, CONFECCIONADA EM CONCRETO PRÉ-FABRICADO, DIMENSÕES 100X15X13X30 CM (COMPRIMENTO X BASE INFERIOR X BASE SUPERIOR X ALTURA). AF_01/2024 | E11: M | F11: 8321 | G11: 59.979656 | H11: 499090.72 | I11: 0.070564376 | J11: 0.50237903 | K11: B
B12: 5 | C12: 97957 | D12: CAIXA PARA BOCA DE LOBO DUPLA RETANGULAR, EM ALVENARIA COM BLOCOS DE CONCRETO, DIMENSÕES INTERNAS: 0,6X2,2X1,2 M. AF_12/2020 | E12: UN | F12: 136 | G12: 3589.4575 | H12: 488166.23 | I12: 0.069019807 | J12: 0.57139883 | K12: B
B13: 6 | C13: 95879 | D13: TRANSPORTE COM CAMINHÃO BASCULANTE DE 14 M³, EM VIA URBANA PAVIMENTADA, DMT ATÉ 30 KM (UNIDADE: TXKM). AF_07/2020 | E13: TXKM | F13: 223900.7 | G13: 1.854666 | H13: 415261.02 | I13: 0.058712041 | J13: 0.63011087 | K13: B
B14: 7 | C14: 4718 | D14: PEDRA BRITADA N. 2 (19 A 38 MM) POSTO PEDREIRA/FORNECEDOR, SEM FRETE | E14: M3 | F14: 1799.5995 | G14: 225.63891 | H14: 406059.67 | I14: 0.0574111 | J14: 0.68752197 | K14: B
B15: 8 | C15: 4915703M | D15: Espalhamento de material de preenchimento e compactação com rolo compactador de 1,6 t | E15: M3 | F15: 2879.3592 | G15: 126.50519 | H15: 364253.89 | I15: 0.051500353 | J15: 0.73902233 | K15: B
B16: 9 | C16: ADM LOCAL | D16: Administração Local (específica para o Lote) | E16: unid. | F16: 1 | G16: 354766.54 | H16: 354766.54 | I16: 0.050158976 | J16: 0.7891813 | K16: B
B17: 10 | C17: 97956 | D17: CAIXA PARA BOCA DE LOBO SIMPLES RETANGULAR, EM ALVENARIA COM BLOCOS DE CONCRETO, DIMENSÕES INTERNAS: 0,6X1X1,2 M. AF_12/2020 | E17: UN | F17: 136 | G17: 2017.5129 | H17: 274381.76 | I17: 0.038793704 | J17: 0.82797501 | K17: C
B18: 11 | C18: 2006022 | D18: CONTROLE TECNOLÓGICO DE CONCRETO - ENSAIO DE ESCLEROMETRIA EM 10 PONTOS COM 16 TIROS POR PONTO | E18: ENS. | F18: 115 | G18: 2337.1095 | H18: 268767.59 | I18: 0.03799994 | J18: 0.86597495 | K18: C
B19: 12 | C19: 98114 | D19: TAMPA CIRCULAR PARA ESGOTO E DRENAGEM, EM FERRO FUNDIDO, DIÂMETRO INTERNO = 0,6 M. AF_12/2020 | E19: UN | F19: 272 | G19: 742.6907 | H19: 202011.87 | I19: 0.028561624 | J19: 0.89453657 | K19: C
B20: 13 | C20: 06-21-00M/PMSP | D20: LEVANTAMENTO OU REBAIXAMENTO DE TAMPÃO DE POÇO DE VISITA | E20: UNID. | F20: 740 | G20: 223.18211 | H20: 165154.76 | I20: 0.023350549 | J20: 0.91788712 | K20: C
B21: 14 | C21: 94283 | D21: EXECUÇÃO DE SARJETA DE CONCRETO USINADO, MOLDADA IN LOCO EM TRECHO RETO, 45 CM BASE X 15 CM ALTURA. AF_01/2024 | E21: M | F21: 1958.4 | G21: 73.09566 | H21: 143150.54 | I21: 0.020239464 | J21: 0.93812659 | K21: C
B22: 15 | C22: 94296 | D22: TOPOGRAFO COM ENCARGOS COMPLEMENTARES | E22: MES | F22: 12 | G22: 5272.3306 | H22: 63267.967 | I22: 0.0089451966 | J22: 0.94707178 | K22: C
B23: 16 | C23: 6077 | D23: ARGILA OU BARRO PARA ATERRO/REATERRO (RETIRADO NA JAZIDA, SEM TRANSPORTE) | E23: M3 | F23: 1079.7597 | G23: 46.984872 | H23: 50732.371 | I23: 0.0071728405 | J23: 0.95424462 | K23: C
B24: 17 | C24: 104790 | D24: DEMOLIÇÃO DE PISO DE CONCRETO SIMPLES, DE FORMA MECANIZADA COM MARTELETE, SEM REAPROVEITAMENTO. AF_09/2023 | E24: M3 | F24: 357.803 | G24: 140.26366 | H24: 50186.759 | I24: 0.0070956986 | J24: 0.96134032 | K24: C
B25: 18 | C25: 94273M1/SINAPI | D25: ASSENTAMENTO DE GUIA (MEIO-FIO) TIPO CORDÃO E VIGA P/ BOCA DE LOBO, EM TRECHO RETO, CONFECCIONADA EM CONCRETO PRÉ-FABRICADO, DIMENSÕES 100X8X10X17 CM (COMPRIMENTO X BASE SUPERIOR X BASE INFERIOR X ALTURA) OU SIMILAR PARA VIAS URBANAS (USO VIÁRIO)(FORNECIMENTO E INSTALAÇÃO) | E25: M | F25: 833 | G25: 51.574758 | H25: 42961.774 | I25: 0.0060741878 | J25: 0.96741451 | K25: C
B26: 19 | C26: 3002000 | D26: PROJETO EM PLANTA PARA PROJETO DE CALÇADAS E ACESSIBILIDADE | E26: M | F26: 17139.043 | G26: 1.951642 | H26: 33449.276 | I26: 0.004729255 | J26: 0.97214376 | K26: C
B27: 20 | C27: 4493/NOVACAP | D27: FORNECIMENTO DE TAMPA ADUELA PONTA E BOLSA 600MM EM CONCRETO ARMADO PARA POÇO DE VISITA DN=Ø0,70M, E=0,08M | E27: UNID. | F27: 272 | G27: 113.3407 | H27: 30828.67 | I27: 0.0043587384 | J27: 0.9765025 | K27: C
B28: 21 | C28: 1009000 | D28: LEVANTAMENTO PLANIMÉTRICO CADASTRAL | E28: M2 | F28: 34278.086 | G28: 0.824296 | H28: 28255.289 | I28: 0.0039948987 | J28: 0.9804974 | K28: C
B29: 22 | C29: 41093 | D29: AUXILIAR DE TOPOGRAFO (MENSALISTA) | E29: MES | F29: 12 | G29: 2122.1864 | H29: 25466.237 | I29: 0.0036005661 | J29: 0.98409797 | K29: C
B30: 23 | C30: 98114M/SINAPI | D30: TAMPAO FOFO SIMPLES COM BASE, CLASSE D400 CARGA MAX 40 T, REDONDO, TAMPA 600 MM, REDE PLUVIAL/ESGOTO (COM INSCRICAO EM RELEVO DO TIPO DE REDE) - FORNECIMENTO E ASSENTAMENTO. | E30: UNID. | F30: 272 | G30: 88.883982 | H30: 24176.443 | I30: 0.0034182075 | J30: 0.98751617 | K30: C
B31: 24 | C31: 100989 | D31: CARGA, MANOBRA E DESCARGA DE SOLOS E MATERIAIS GRANULARES EM CAMINHÃO BASCULANTE 6 M³ - CARGA COM PÁ CARREGADEIRA (CAÇAMBA DE 1,7 A 2,8 M³ / 128 HP) E DESCARGA LIVRE (UNIDADE: T). AF_07/2020 | E31: T | F31: 3107.5609 | G31: 7.33381 | H31: 22790.261 | I31: 0.003222221 | J31: 0.9907384 | K31: C
B32: 25 | C32: 98050 | D32: CHAMINÉ CIRCULAR PARA POÇO DE VISITA PARA ESGOTO, EM CONCRETO PRÉ-MOLDADO, DIÂMETRO INTERNO = 0,6 M. AF_12/2020 | E32: M | F32: 55 | G32: 378.44884 | H32: 20814.686 | I32: 0.0029429025 | J32: 0.9936813 | K32: C
B33: 26 | C33: 3003000 | D33: PROJETO EM PERFIL PARA PROJETO DE CALÇADAS E ACESSIBILIDADE | E33: M | F33: 17139.043 | G33: 0.921272 | H33: 15789.72 | I33: 0.0022324434 | J33: 0.99591374 | K33: C
B34: 27 | C34: 95606M | D34: UMIDIFICAÇÃO DE MATERIAL PARA VALAS COM CAMINHÃO PIPA 10000L. AF_11/2016 | E34: M3 | F34: 3599.199 | G34: 2.9674656 | H34: 10680.499 | I34: 0.0015100717 | J34: 0.99742381 | K34: C
B35: 28 | C35: Item 3 | D35: DISPOSIÇÃO FINAL DE RESÍDUOS DA CONSTRUÇÃO CIVIL SEGREGADOS (RESOLUÇÃO Nº 45, DE 27 DE NOVEMBRO DE 2024) - Atualizado em ABRIL/2025 (https://www.sinj.df.gov.br/sinj/Norma/0098bc504bf84700928dd5d4a9dc6efc/adasa_res_45_2024_rep.html) | E35: T | F35: 231.37708 | G35: 20.764986 | H35: 4804.5418 | I35: 0.00067929433 | J35: 0.99810311 | K35: C
B36: 29 | C36: AD24.05.0500M (/) AD25.05.0500M (/) SCO-RIO | D36: PROTEÇÃO DE CANTEIRO DE OBRA EM ÁREAS PÚBLICAS, COMPREENDENDO TELA PLÁSTICA, ESTRUTURA DE MADEIRA A CADA 3M DE DISTÂNCIA COM BASE DE CONCRETO, UTILIZAÇÃO 2 VEZES. | E36: M | F36: 103 | G36: 46.207124 | H36: 4759.3338 | I36: 0.00067290256 | J36: 0.99877601 | K36: C
B37: 30 | C37: 4780/NOVACAP | D37: ISOLAMENTO DE OBRA COM TELA PLASTICA COM MALHA DE 5 MM (BASEADO NO CÓDIGO DESATIVADO 85423/SINAPI) | E37: M2 | F37: 206 | G37: 12.411981 | H37: 2556.8681 | I37: 0.00036150503 | J37: 0.99913752 | K37: C
B38: 31 | C38: 93599 | D38: TRANSPORTE COM CAMINHÃO BASCULANTE DE 14 M³, EM VIA URBANA PAVIMENTADA, ADICIONAL PARA DMT EXCEDENTE A 30 KM (UNIDADE: TXKM). AF_07/2020 | E38: TXKM | F38: 2827.9421 | G38: 0.739442 | H38: 2091.0991 | I38: 0.00029565187 | J38: 0.99943317 | K38: C
B39: 32 | C39: 100995 | D39: CARGA, MANOBRA E DESCARGA DE SOLOS E MATERIAIS GRANULARES EM CAMINHÃO BASCULANTE 14 M³ - CARGA COM ESCAVADEIRA HIDRÁULICA (CAÇAMBA DE 1,20 M³ / 155 HP) E DESCARGA LIVRE (UNIDADE: T). AF_07/2020 | E39: T | F39: 257.08564 | G39: 5.648852 | H39: 1452.2388 | I39: 0.00020532604 | J39: 0.99963849 | K39: C
B40: 33 | C40: 5502985 | D40: Limpeza mecanizada da camada vegetal | E40: m² | F40: 1713.9043 | G40: 0.678832 | H40: 1163.4531 | I40: 0.00016449583 | J40: 0.99980299 | K40: C
B41: 34 | C41: Item 4 | D41: DISPOSIÇÃO FINAL DE RESÍDUOS DA CONSTRUÇÃO CIVIL NÃO SEGREGADOS (RESOLUÇÃO Nº 45, DE 27 DE NOVEMBRO DE 2024) - Atualizado em ABRIL/2025 (https://www.sinj.df.gov.br/sinj/Norma/0098bc504bf84700928dd5d4a9dc6efc/adasa_res_45_2024_rep.html) | E41: T | F41: 25.708564 | G41: 34.450724 | H41: 885.67865 | I41: 0.00012522245 | J41: 0.99992821 | K41: C
B42: 35 | C42: 1.8.6 C2949M/SEINFRA | D42: SINALIZAÇÃO DE TRÂNSITO NOTURNA | E42: M | F42: 103 | G42: 4.9295888 | H42: 507.74764 | I42: 7.1788343e-05 | J42: 1 | K42: C
H44: 7072842.5 | I44: 1
D46: RESUMO
D47: CATEGORIA | E47: PERCENTUAL | F47: QUANTIDADE DE ITENS | G47: VALOR | I47: ACUMULADO
D48: A | E48: 0.43181465 | F48: 3 | G48: 3054157 | I48: 3054157
D49: B | E49: 0.35736665 | F49: 6 | G49: 2527598.1 | I49: 5581755.1
D50: C | E50: 0.2108187 | F50: 26 | G50: 1491087.4 | I50: 7072842.5
D51: TOTAL | E51: 1 | F51: 35 | G51: 7072842.5 | I51: 7072842.5
H55: 7072842.5 | J55: 0 | K55: CONFERÊNCIA

Sheet CURVA ABC
B1: CURVA ABC
B2: =CAPA!B14 -> RECONSTRUÇÃO E IMPLANTAÇÃO DE CALÇADAS
B3: =CAPA!B19 -> SEM DESONERAÇÃO
B4: =CAPA!B17 -> INTERESSADO: PROCESSO 00112-00004957/2025-51
B7: ITEM | C7: CÓDIGO | D7: DESCRIÇÃO DO ITEM | E7: UNIDADE | F7: QUANTIDADE | G7: CUSTO UNI | H7: CUSTO TOTAL | I7: % | J7: % ACUMULADA | K7: CLASSIFICAÇÃO
B8: 1 | C8: 94995M | D8: EXECUÇÃO DE PASSEIO (CALÇADA) OU PISO DE CONCRETO COM CONCRETO MOLDADO IN LOCO, USINADO, ACABAMENTO CONVENCIONAL, ESPESSURA 8 CM, ARMADO. AF_07/2016 - EXCLUINDO O SARRAFO E LONA PLÁSTICA | E8: M2 | F8: 10283.426 | G8: 84.869537 | H8: 872749.58 | I8: 0.14957876 | J8: 0.14957876 | K8: A
B9: 2 | C9: 97636 | D9: DEMOLIÇÃO PARCIAL DE PAVIMENTO, DE FORMA MECANIZADA, SEM REAPROVEITAMENTO. AF_09/2023 | E9: M2 | F9: 35159.366 | G9: 23.51 | H9: 826596.69 | I9: 0.14166871 | J9: 0.29124748 | K9: A
B10: 3 | C10: 94991M | D10: EXECUÇÃO DE PASSEIO (CALÇADA) OU PISO DE CONCRETO COM CONCRETO MOLDADO IN LOCO, USINADO, ACABAMENTO CONVENCIONAL, NÃO ARMADO. AF_07/2016 - EXCLUINDO O SARRAFO | E10: M3 | F10: 1285.4282 | G10: 638.05158 | H10: 820169.5 | I10: 0.14056717 | J10: 0.43181465 | K10: A
B11: 4 | C11: 94273 | D11: ASSENTAMENTO DE GUIA (MEIO-FIO) EM TRECHO RETO, CONFECCIONADA EM CONCRETO PRÉ-FABRICADO, DIMENSÕES 100X15X13X30 CM (COMPRIMENTO X BASE INFERIOR X BASE SUPERIOR X ALTURA). AF_01/2024 | E11: M | F11: 8321 | G11: 49.48 | H11: 411723.08 | I11: 0.070564376 | J11: 0.50237903 | K11: B
B12: 5 | C12: 97957 | D12: CAIXA PARA BOCA DE LOBO DUPLA RETANGULAR, EM ALVENARIA COM BLOCOS DE CONCRETO, DIMENSÕES INTERNAS: 0,6X2,2X1,2 M. AF_12/2020 | E12: UN | F12: 136 | G12: 2961.11 | H12: 402710.96 | I12: 0.069019807 | J12: 0.57139883 | K12: B
B13: 6 | C13: 95879 | D13: TRANSPORTE COM CAMINHÃO BASCULANTE DE 14 M³, EM VIA URBANA PAVIMENTADA, DMT ATÉ 30 KM (UNIDADE: TXKM). AF_07/2020 | E13: TXKM | F13: 223900.7 | G13: 1.53 | H13: 342568.07 | I13: 0.058712041 | J13: 0.63011087 | K13: B
B14: 7 | C14: 4718 | D14: PEDRA BRITADA N. 2 (19 A 38 MM) POSTO PEDREIRA/FORNECEDOR, SEM FRETE | E14: M3 | F14: 1799.5995 | G14: 186.14 | H14: 334977.45 | I14: 0.0574111 | J14: 0.68752197 | K14: B
B15: 8 | C15: 4915703M | D15: Espalhamento de material de preenchimento e compactação com rolo compactador de 1,6 t | E15: M3 | F15: 2879.3592 | G15: 104.36 | H15: 300489.93 | I15: 0.051500353 | J15: 0.73902233 | K15: B
B16: 9 | C16: ADM LOCAL | D16: Administração Local (específica para o Lote) | E16: unid. | F16: 1 | G16: 292663.37 | H16: 292663.37 | I16: 0.050158976 | J16: 0.7891813 | K16: B
B17: 10 | C17: 97956 | D17: CAIXA PARA BOCA DE LOBO SIMPLES RETANGULAR, EM ALVENARIA COM BLOCOS DE CONCRETO, DIMENSÕES INTERNAS: 0,6X1X1,2 M. AF_12/2020 | E17: UN | F17: 136 | G17: 1664.34 | H17: 226350.24 | I17: 0.038793704 | J17: 0.82797501 | K17: C
B18: 11 | C18: 2006022 | D18: CONTROLE TECNOLÓGICO DE CONCRETO - ENSAIO DE ESCLEROMETRIA EM 10 PONTOS COM 16 TIROS POR PONTO | E18: ENS. | F18: 115 | G18: 1927.99 | H18: 221718.85 | I18: 0.03799994 | J18: 0.86597495 | K18: C
B19: 12 | C19: 98114 | D19: TAMPA CIRCULAR PARA ESGOTO E DRENAGEM, EM FERRO FUNDIDO, DIÂMETRO INTERNO = 0,6 M. AF_12/2020 | E19: UN | F19: 272 | G19: 612.68 | H19: 166648.96 | I19: 0.028561624 | J19: 0.89453657 | K19: C
B20: 13 | C20: 06-21-00M/PMSP | D20: LEVANTAMENTO OU REBAIXAMENTO DE TAMPÃO DE POÇO DE VISITA | E20: UNID. | F20: 740 | G20: 184.11327 | H20: 136243.82 | I20: 0.023350549 | J20: 0.91788712 | K20: C
B21: 14 | C21: 94283 | D21: EXECUÇÃO DE SARJETA DE CONCRETO USINADO, MOLDADA IN LOCO EM TRECHO RETO, 45 CM BASE X 15 CM ALTURA. AF_01/2024 | E21: M | F21: 1958.4 | G21: 60.3 | H21: 118091.52 | I21: 0.020239464 | J21: 0.93812659 | K21: C
B22: 15 | C22: 94296 | D22: TOPOGRAFO COM ENCARGOS COMPLEMENTARES | E22: MES | F22: 12 | G22: 4349.39 | H22: 52192.68 | I22: 0.0089451966 | J22: 0.94707178 | K22: C
B23: 16 | C23: 6077 | D23: ARGILA OU BARRO PARA ATERRO/REATERRO (RETIRADO NA JAZIDA, SEM TRANSPORTE) | E23: M3 | F23: 1079.7597 | G23: 38.76 | H23: 41851.486 | I23: 0.0071728405 | J23: 0.95424462 | K23: C
B24: 17 | C24: 104790 | D24: DEMOLIÇÃO DE PISO DE CONCRETO SIMPLES, DE FORMA MECANIZADA COM MARTELETE, SEM REAPROVEITAMENTO. AF_09/2023 | E24: M3 | F24: 357.803 | G24: 115.71 | H24: 41401.385 | I24: 0.0070956986 | J24: 0.96134032 | K24: C
B25: 18 | C25: 94273M1/SINAPI | D25: ASSENTAMENTO DE GUIA (MEIO-FIO) TIPO CORDÃO E VIGA P/ BOCA DE LOBO, EM TRECHO RETO, CONFECCIONADA EM CONCRETO PRÉ-FABRICADO, DIMENSÕES 100X8X10X17 CM (COMPRIMENTO X BASE SUPERIOR X BASE INFERIOR X ALTURA) OU SIMILAR PARA VIAS URBANAS (USO VIÁRIO)(FORNECIMENTO E INSTALAÇÃO) | E25: M | F25: 833 | G25: 42.54641 | H25: 35441.16 | I25: 0.0060741878 | J25: 0.96741451 | K25: C
B26: 19 | C26: 3002000 | D26: PROJETO EM PLANTA PARA PROJETO DE CALÇADAS E ACESSIBILIDADE | E26: M | F26: 17139.043 | G26: 1.61 | H26: 27593.859 | I26: 0.004729255 | J26: 0.97214376 | K26: C
B27: 20 | C27: 4493/NOVACAP | D27: FORNECIMENTO DE TAMPA ADUELA PONTA E BOLSA 600MM EM CONCRETO ARMADO PARA POÇO DE VISITA DN=Ø0,70M, E=0,08M | E27: UNID. | F27: 272 | G27: 93.5 | H27: 25432 | I27: 0.0043587384 | J27: 0.9765025 | K27: C
B28: 21 | C28: 1009000 | D28: LEVANTAMENTO PLANIMÉTRICO CADASTRAL | E28: M2 | F28: 34278.086 | G28: 0.68 | H28: 23309.098 | I28: 0.0039948987 | J28: 0.9804974 | K28: C
B29: 22 | C29: 41093 | D29: AUXILIAR DE TOPOGRAFO (MENSALISTA) | E29: MES | F29: 12 | G29: 1750.69 | H29: 21008.28 | I29: 0.0036005661 | J29: 0.98409797 | K29: C
B30: 23 | C30: 98114M/SINAPI | D30: TAMPAO FOFO SIMPLES COM BASE, CLASSE D400 CARGA MAX 40 T, REDONDO, TAMPA 600 MM, REDE PLUVIAL/ESGOTO (COM INSCRICAO EM RELEVO DO TIPO DE REDE) - FORNECIMENTO E ASSENTAMENTO. | E30: UNID. | F30: 272 | G30: 73.324519 | H30: 19944.269 | I30: 0.0034182075 | J30: 0.98751617 | K30: C
B31: 24 | C31: 100989 | D31: CARGA, MANOBRA E DESCARGA DE SOLOS E MATERIAIS GRANULARES EM CAMINHÃO BASCULANTE 6 M³ - CARGA COM PÁ CARREGADEIRA (CAÇAMBA DE 1,7 A 2,8 M³ / 128 HP) E DESCARGA LIVRE (UNIDADE: T). AF_07/2020 | E31: T | F31: 3107.5609 | G31: 6.05 | H31: 18800.744 | I31: 0.003222221 | J31: 0.9907384 | K31: C
B32: 25 | C32: 98050 | D32: CHAMINÉ CIRCULAR PARA POÇO DE VISITA PARA ESGOTO, EM CONCRETO PRÉ-MOLDADO, DIÂMETRO INTERNO = 0,6 M. AF_12/2020 | E32: M | F32: 55 | G32: 312.2 | H32: 17171 | I32: 0.0029429025 | J32: 0.9936813 | K32: C
B33: 26 | C33: 3003000 | D33: PROJETO EM PERFIL PARA PROJETO DE CALÇADAS E ACESSIBILIDADE | E33: M | F33: 17139.043 | G33: 0.76 | H33: 13025.673 | I33: 0.0022324434 | J33: 0.99591374 | K33: C
B34: 27 | C34: 95606M | D34: UMIDIFICAÇÃO DE MATERIAL PARA VALAS COM CAMINHÃO PIPA 10000L. AF_11/2016 | E34: M3 | F34: 3599.199 | G34: 2.448 | H34: 8810.8392 | I34: 0.0015100717 | J34: 0.99742381 | K34: C
B35: 28 | C35: Item 3 | D35: DISPOSIÇÃO FINAL DE RESÍDUOS DA CONSTRUÇÃO CIVIL SEGREGADOS (RESOLUÇÃO Nº 45, DE 27 DE NOVEMBRO DE 2024) - Atualizado em ABRIL/2025 (https://www.sinj.df.gov.br/sinj/Norma/0098bc504bf84700928dd5d4a9dc6efc/adasa_res_45_2024_rep.html) | E35: T | F35: 231.37708 | G35: 17.13 | H35: 3963.4894 | I35: 0.00067929433 | J35: 0.99810311 | K35: C
B36: 29 | C36: AD24.05.0500M (/) AD25.05.0500M (/) SCO-RIO | D36: PROTEÇÃO DE CANTEIRO DE OBRA EM ÁREAS PÚBLICAS, COMPREENDENDO TELA PLÁSTICA, ESTRUTURA DE MADEIRA A CADA 3M DE DISTÂNCIA COM BASE DE CONCRETO, UTILIZAÇÃO 2 VEZES. | E36: M | F36: 103 | G36: 38.1184 | H36: 3926.1952 | I36: 0.00067290256 | J36: 0.99877601 | K36: C
B37: 30 | C37: 4780/NOVACAP | D37: ISOLAMENTO DE OBRA COM TELA PLASTICA COM MALHA DE 5 MM (BASEADO NO CÓDIGO DESATIVADO 85423/SINAPI) | E37: M2 | F37: 206 | G37: 10.239219 | H37: 2109.2791 | I37: 0.00036150503 | J37: 0.99913752 | K37: C
B38: 31 | C38: 93599 | D38: TRANSPORTE COM CAMINHÃO BASCULANTE DE 14 M³, EM VIA URBANA PAVIMENTADA, ADICIONAL PARA DMT EXCEDENTE A 30 KM (UNIDADE: TXKM). AF_07/2020 | E38: TXKM | F38: 2827.9421 | G38: 0.61 | H38: 1725.0447 | I38: 0.00029565187 | J38: 0.99943317 | K38: C
B39: 32 | C39: 100995 | D39: CARGA, MANOBRA E DESCARGA DE SOLOS E MATERIAIS GRANULARES EM CAMINHÃO BASCULANTE 14 M³ - CARGA COM ESCAVADEIRA HIDRÁULICA (CAÇAMBA DE 1,20 M³ / 155 HP) E DESCARGA LIVRE (UNIDADE: T). AF_07/2020 | E39: T | F39: 257.08564 | G39: 4.66 | H39: 1198.0191 | I39: 0.00020532604 | J39: 0.99963849 | K39: C
B40: 33 | C40: 5502985 | D40: Limpeza mecanizada da camada vegetal | E40: m² | F40: 1713.9043 | G40: 0.56 | H40: 959.7864 | I40: 0.00016449583 | J40: 0.99980299 | K40: C
B41: 34 | C41: Item 4 | D41: DISPOSIÇÃO FINAL DE RESÍDUOS DA CONSTRUÇÃO CIVIL NÃO SEGREGADOS (RESOLUÇÃO Nº 45, DE 27 DE NOVEMBRO DE 2024) - Atualizado em ABRIL/2025 (https://www.sinj.df.gov.br/sinj/Norma/0098bc504bf84700928dd5d4a9dc6efc/adasa_res_45_2024_rep.html) | E41: T | F41: 25.708564 | G41: 28.42 | H41: 730.6374 | I41: 0.00012522245 | J41: 0.99992821 | K41: C
B42: 35 | C42: 1.8.6 C2949M/SEINFRA | D42: SINALIZAÇÃO DE TRÂNSITO NOTURNA | E42: M | F42: 103 | G42: 4.0666464 | H42: 418.86458 | I42: 7.1788343e-05 | J42: 1 | K42: C
H44: 5834715.8 | I44: 1
D46: RESUMO
D47: CATEGORIA | E47: PERCENTUAL | F47: QUANTIDADE DE ITENS | G47: VALOR | I47: ACUMULADO
D48: A | E48: 0.43181465 | F48: 3 | G48: 2519515.8 | I48: 2519515.8
D49: B | E49: 0.35736665 | F49: 6 | G49: 2085132.9 | I49: 4604648.6
D50: C | E50: 0.2108187 | F50: 26 | G50: 1230067.2 | I50: 5834715.8
D51: TOTAL | E51: 1 | F51: 35 | G51: 5834715.8 | I51: 5834715.8
H55: 5834715.8 | J55: 0 | K55: CONFERÊNCIA

Sheet ADM LOCAL
B5: ADMINISTRAÇÃO LOCAL
B6: SEM DESONERAÇÃO
B7: INTERESSADO: PROCESSO 00112-00004957/2025-51
B8: RECONSTRUÇÃO E IMPLANTAÇÃO DE CALÇADAS
B9: TABELA DE REFERÊNCIA - SINAPI ABRIL/25 - SICRO JAN/25 - PMSP JAN/25
B10: GAMA
C11: QUANTIDADE DE R.A. | D11: 1 | E11: PERÍODO DA OBRA | F11: 12 | G11: Meses
B12: GRUPO 28 | C12: ADM LOCAL
B13: SICRO/ SINAPI | C13: DESCRIÇÃO DO ITEM | D13: UNIDADE | E13: QUANTIDADE | F13: CUSTO UNI | G13: CUSTO TOTAL
B14: 93565 | C14: ENGENHEIRO CIVIL DE OBRA JUNIOR COM ENCARGOS COMPLEMENTARES | D14: MES | E14: 12 | F14: 22638.12 | G14: 271657.44 | H14: um profissional pelo período da obra
B15: 10775 | C15: LOCACAO DE CONTAINER 2,30 X 6,00 M, ALT. 2,50 M, COM 1 SANITARIO, PARA ESCRITORIO, COMPLETO, SEM DIVISORIAS INTERNAS (NAO INCLUI MOBILIZACAO/DESMOBILIZACAO) | D15: MES | E15: 12 | F15: 1500 | G15: 18000 | H15: Pelo período da obra, para cada Região Administrativa
B16: 100952 | C16: TRANSPORTE COM CAMINHÃO CARROCERIA COM GUINDAUTO (MUNCK), MOMENTO MÁXIMO DE CARGA 11,7 TM, EM VIA URBANA PAVIMENTADA, DMT ATÉ 30KM (UNIDADE: TXKM). AF_07/2020 | D16: TXKM | E16: 128.8 | F16: 2.98 | G16: 383.824 | H16: transporte do Container, estimado 2,3 t x 2 x DMT Novacap
B17: ART - CREA/DF | C17: ANOTAÇÃO DE RESPONSABILIDADE TÉCNICA (Conforme Resolução 1067/2015, do CONFEA (art. 2º, §2º e §3º ) https://www.creadf.org.br/valores-taxas | D17: UNID. | E17: 3 | F17: 271.47 | G17: 814.41 | H17: ART para execução da obra, dimensionamento de pavimento e readequação de projetos, por R.A
B18: 5213417M/SICRO | C18: CONFECÇÃO DE PLACA EM AÇO Nº 16 GALVANIZADO, COM PELÍCULA RETRORREFLETIVA TIPO I + III | D18: M2 | E18: 0.72 | F18: 452.34353 | G18: 325.68734 | H18: Estimado 1 placa de 0,60 x 1,20 m2, para cada R.A
B19: CCU - 02.008/NOVACAP | C19: PLACA DE OBRA EM CHAPA DE ACO GALVANIZADO ADESIVADA - FORNECIMENTO E INSTALAÇÃO (REF: 74209/1 SINAPI JAN 2020) | D19: M2 | E19: 12 | F19: 123.5008 | G19: 1482.0096 | H19: Uma placa de 12 m2, para cada R.A.
F20: TOTAL DO GRUPO | G20: 292663.37
C22: Valor da obra, com o BDI | F22: 7072842.5
C23: Valor da ADM LOCAL com BDI | F23: 354766.54
C25: % da Adm. Local, com relação ao valor da obra | G25: 0.050158976

Sheet CRONOGRAMA
B1: CRONOGRAMA FÍFICO FINANCEIRO
B6: RECONSTRUÇÃO E IMPLANTAÇÃO DE CALÇADAS
B7: SEM DESONERAÇÃO
B8: INTERESSADO: PROCESSO 00112-00004957/2025-51
B9: DESCRIÇÃO | C9: % | D9: CUSTO TOTAL | E9: MÊS 1 | F9: MÊS 2 | G9: MÊS 3 | H9: MÊS 4 | I9: MÊS 5 | J9: MÊS 6 | K9: MÊS 7 | L9: MÊS 8 | M9: MÊS 9 | N9: MÊS 10 | O9: MÊS 11 | P9: MÊS 12
B10: Demolição de calçadas | C10: 0.15965936 | D10: 1129245.5 | E10: 0.07 | F10: 0.07 | G10: 0.07 | H10: 0.08 | I10: 0.08 | J10: 0.08 | K10: 0.1 | L10: 0.1 | M10: 0.1 | N10: 0.09 | O10: 0.08 | P10: 0.08 | Q10: 1
E11: 79047.184 | F11: 79047.184 | G11: 79047.184 | H11: 90339.638 | I11: 90339.638 | J11: 90339.638 | K11: 112924.55 | L11: 112924.55 | M11: 112924.55 | N11: 101632.09 | O11: 90339.638 | P11: 90339.638
E12: 0.07 | F12: 0.14 | G12: 0.21 | H12: 0.29 | I12: 0.37 | J12: 0.45 | K12: 0.55 | L12: 0.65 | M12: 0.75 | N12: 0.84 | O12: 0.92 | P12: 1
B13: Demolição de meio fio | C13: 0.01159283 | D13: 81994.26 | E13: 0.07 | F13: 0.07 | G13: 0.07 | H13: 0.08 | I13: 0.08 | J13: 0.08 | K13: 0.1 | L13: 0.1 | M13: 0.1 | N13: 0.09 | O13: 0.08 | P13: 0.08 | Q13: 1
E14: 5739.5982 | F14: 5739.5982 | G14: 5739.5982 | H14: 6559.5408 | I14: 6559.5408 | J14: 6559.5408 | K14: 8199.426 | L14: 8199.426 | M14: 8199.426 | N14: 7379.4834 | O14: 6559.5408 | P14: 6559.5408
E15: 0.07 | F15: 0.14 | G15: 0.21 | H15: 0.29 | I15: 0.37 | J15: 0.45 | K15: 0.55 | L15: 0.65 | M15: 0.75 | N15: 0.84 | O15: 0.92 | P15: 1
B16: Limpeza de camada vegetal | C16: 0.003492408 | D16: 24701.252 | E16: 0.07 | F16: 0.07 | G16: 0.07 | H16: 0.08 | I16: 0.08 | J16: 0.08 | K16: 0.1 | L16: 0.1 | M16: 0.1 | N16: 0.09 | O16: 0.08 | P16: 0.08 | Q16: 1
E17: 1729.0876 | F17: 1729.0876 | G17: 1729.0876 | H17: 1976.1001 | I17: 1976.1001 | J17: 1976.1001 | K17: 2470.1252 | L17: 2470.1252 | M17: 2470.1252 | N17: 2223.1126 | O17: 1976.1001 | P17: 1976.1001
E18: 0.07 | F18: 0.14 | G18: 0.21 | H18: 0.29 | I18: 0.37 | J18: 0.45 | K18: 0.55 | L18: 0.65 | M18: 0.75 | N18: 0.84 | O18: 0.92 | P18: 1
B19: Nivelamento de PV | C19: 0.023350549 | D19: 165154.76 | E19: 0.07 | F19: 0.07 | G19: 0.07 | H19: 0.08 | I19: 0.08 | J19: 0.08 | K19: 0.1 | L19: 0.1 | M19: 0.1 | N19: 0.09 | O19: 0.08 | P19: 0.08 | Q19: 1
E20: 11560.833 | F20: 11560.833 | G20: 11560.833 | H20: 13212.381 | I20: 13212.381 | J20: 13212.381 | K20: 16515.476 | L20: 16515.476 | M20: 16515.476 | N20: 14863.928 | O20: 13212.381 | P20: 13212.381
E21: 0.07 | F21: 0.14 | G21: 0.21 | H21: 0.29 | I21: 0.37 | J21: 0.45 | K21: 0.55 | L21: 0.65 | M21: 0.75 | N21: 0.84 | O21: 0.92 | P21: 1
B22: EXECUÇÃO CALÇADA E RAMPAS DE ACESSIBILIDADE | C22: 0.24721422 | D22: 1748507.3 | E22: 0.07 | F22: 0.07 | G22: 0.07 | H22: 0.08 | I22: 0.08 | J22: 0.08 | K22: 0.1 | L22: 0.1 | M22: 0.1 | N22: 0.09 | O22: 0.08 | P22: 0.08 | Q22: 1
E23: 122395.51 | F23: 122395.51 | G23: 122395.51 | H23: 139880.58 | I23: 139880.58 | J23: 139880.58 | K23: 174850.73 | L23: 174850.73 | M23: 174850.73 | N23: 157365.65 | O23: 139880.58 | P23: 139880.58
E24: 0.07 | F24: 0.14 | G24: 0.21 | H24: 0.29 | I24: 0.37 | J24: 0.45 | K24: 0.55 | L24: 0.65 | M24: 0.75 | N24: 0.84 | O24: 0.92 | P24: 1
B25: EXECUÇÃO CALÇADA ARMADA E RAMPAS DE ACESSIBILIDADE | C25: 0.19223758 | D25: 1359666.2 | E25: 0.07 | F25: 0.07 | G25: 0.07 | H25: 0.08 | I25: 0.08 | J25: 0.08 | K25: 0.1 | L25: 0.1 | M25: 0.1 | N25: 0.09 | O25: 0.08 | P25: 0.08 | Q25: 1
E26: 95176.631 | F26: 95176.631 | G26: 95176.631 | H26: 108773.29 | I26: 108773.29 | J26: 108773.29 | K26: 135966.62 | L26: 135966.62 | M26: 135966.62 | N26: 122369.95 | O26: 108773.29 | P26: 108773.29
E27: 0.07 | F27: 0.14 | G27: 0.21 | H27: 0.29 | I27: 0.37 | J27: 0.45 | K27: 0.55 | L27: 0.65 | M27: 0.75 | N27: 0.84 | O27: 0.92 | P27: 1
B28: EXECUÇÃO DE MEIO-FIO | C28: 0.071205873 | D28: 503627.92 | E28: 0.07 | F28: 0.07 | G28: 0.07 | H28: 0.08 | I28: 0.08 | J28: 0.08 | K28: 0.1 | L28: 0.1 | M28: 0.1 | N28: 0.09 | O28: 0.08 | P28: 0.08 | Q28: 1
E29: 35253.955 | F29: 35253.955 | G29: 35253.955 | H29: 40290.234 | I29: 40290.234 | J29: 40290.234 | K29: 50362.792 | L29: 50362.792 | M29: 50362.792 | N29: 45326.513 | O29: 40290.234 | P29: 40290.234
E30: 0.07 | F30: 0.14 | G30: 0.21 | H30: 0.29 | I30: 0.37 | J30: 0.45 | K30: 0.55 | L30: 0.65 | M30: 0.75 | N30: 0.84 | O30: 0.92 | P30: 1
B31: EXECUÇÃO DE CORDÃO DE CONCRETO | C31: 0.0061384069 | D31: 43415.985 | E31: 0.07 | F31: 0.07 | G31: 0.07 | H31: 0.08 | I31: 0.08 | J31: 0.08 | K31: 0.1 | L31: 0.1 | M31: 0.1 | N31: 0.09 | O31: 0.08 | P31: 0.08 | Q31: 1
E32: 3039.1189 | F32: 3039.1189 | G32: 3039.1189 | H32: 3473.2788 | I32: 3473.2788 | J32: 3473.2788 | K32: 4341.5985 | L32: 4341.5985 | M32: 4341.5985 | N32: 3907.4386 | O32: 3473.2788 | P32: 3473.2788
E33: 0.07 | F33: 0.14 | G33: 0.21 | H33: 0.29 | I33: 0.37 | J33: 0.45 | K33: 0.55 | L33: 0.65 | M33: 0.75 | N33: 0.84 | O33: 0.92 | P33: 1
B34: EXECUÇÃO BOCA DE LOBO DUPLA | C34: 0.083396181 | D34: 589848.05 | E34: 0.07 | F34: 0.07 | G34: 0.07 | H34: 0.08 | I34: 0.08 | J34: 0.08 | K34: 0.1 | L34: 0.1 | M34: 0.1 | N34: 0.09 | O34: 0.08 | P34: 0.08 | Q34: 1
E35: 41289.364 | F35: 41289.364 | G35: 41289.364 | H35: 47187.844 | I35: 47187.844 | J35: 47187.844 | K35: 58984.805 | L35: 58984.805 | M35: 58984.805 | N35: 53086.325 | O35: 47187.844 | P35: 47187.844
E36: 0.8 | F36: 0.1 | G36: 0.1 | H36: 0 | I36: 0 | J36: 0 | K36: 0 | L36: 0 | M36: 0 | N36: 0 | O36: 0 | P36: 0
B37: EXECUÇÃO BOCA DE LOBO SIMPLES | C37: 0.049663645 | D37: 351263.14 | E37: 0.07 | F37: 0.07 | G37: 0.07 | H37: 0.08 | I37: 0.08 | J37: 0.08 | K37: 0.1 | L37: 0.1 | M37: 0.1 | N37: 0.09 | O37: 0.08 | P37: 0.08 | Q37: 1
E38: 24588.42 | F38: 24588.42 | G38: 24588.42 | H38: 28101.051 | I38: 28101.051 | J38: 28101.051 | K38: 35126.314 | L38: 35126.314 | M38: 35126.314 | N38: 31613.683 | O38: 28101.051 | P38: 28101.051
E39: 0.07 | F39: 0.14 | G39: 0.21 | H39: 0.29 | I39: 0.37 | J39: 0.45 | K39: 0.55 | L39: 0.65 | M39: 0.75 | N39: 0.84 | O39: 0.92 | P39: 1
B40: SINALIZAÇÃO DE OBRA | C40: 0.0011061959 | D40: 7823.9496 | E40: 0.07 | F40: 0.07 | G40: 0.07 | H40: 0.08 | I40: 0.08 | J40: 0.08 | K40: 0.1 | L40: 0.1 | M40: 0.1 | N40: 0.09 | O40: 0.08 | P40: 0.08 | Q40: 1
E41: 547.67647 | F41: 547.67647 | G41: 547.67647 | H41: 625.91597 | I41: 625.91597 | J41: 625.91597 | K41: 782.39496 | L41: 782.39496 | M41: 782.39496 | N41: 704.15546 | O41: 625.91597 | P41: 625.91597
E42: 0.07 | F42: 0.14 | G42: 0.21 | H42: 0.29 | I42: 0.37 | J42: 0.45 | K42: 0.55 | L42: 0.65 | M42: 0.75 | N42: 0.84 | O42: 0.92 | P42: 1
B43: PEÇAS DE REPOSIÇÃO | C43: 0.039281473 | D43: 277831.67 | E43: 0.07 | F43: 0.07 | G43: 0.07 | H43: 0.08 | I43: 0.08 | J43: 0.08 | K43: 0.1 | L43: 0.1 | M43: 0.1 | N43: 0.09 | O43: 0.08 | P43: 0.08 | Q43: 1
E44: 19448.217 | F44: 19448.217 | G44: 19448.217 | H44: 22226.534 | I44: 22226.534 | J44: 22226.534 | K44: 27783.167 | L44: 27783.167 | M44: 27783.167 | N44: 25004.85 | O44: 22226.534 | P44: 22226.534
E45: 0.07 | F45: 0.14 | G45: 0.21 | H45: 0.29 | I45: 0.37 | J45: 0.45 | K45: 0.55 | L45: 0.65 | M45: 0.75 | N45: 0.84 | O45: 0.92 | P45: 1
B46: REGISTRO (AS BUILT) E CONTROLE TÉCNICO DA OBRA | C46: 0.0615023 | D46: 434996.08 | E46: 0.07 | F46: 0.07 | G46: 0.07 | H46: 0.08 | I46: 0.08 | J46: 0.08 | K46: 0.1 | L46: 0.1 | M46: 0.1 | N46: 0.09 | O46: 0.08 | P46: 0.08 | Q46: 1
E47: 30449.726 | F47: 30449.726 | G47: 30449.726 | H47: 34799.686 | I47: 34799.686 | J47: 34799.686 | K47: 43499.608 | L47: 43499.608 | M47: 43499.608 | N47: 39149.647 | O47: 34799.686 | P47: 34799.686
E48: 0.07 | F48: 0.14 | G48: 0.21 | H48: 0.29 | I48: 0.37 | J48: 0.45 | K48: 0.55 | L48: 0.65 | M48: 0.75 | N48: 0.84 | O48: 0.92 | P48: 1
B49: ADM LOCAL | C49: 0.050158976 | D49: 354766.54 | E49: 0.07 | F49: 0.07 | G49: 0.07 | H49: 0.08 | I49: 0.08 | J49: 0.08 | K49: 0.1 | L49: 0.1 | M49: 0.1 | N49: 0.09 | O49: 0.08 | P49: 0.08 | Q49: 1
E50: 24833.658 | F50: 24833.658 | G50: 24833.658 | H50: 28381.323 | I50: 28381.323 | J50: 28381.323 | K50: 35476.654 | L50: 35476.654 | M50: 35476.654 | N50: 31928.988 | O50: 28381.323 | P50: 28381.323
E51: 0.07 | F51: 0.14 | G51: 0.21 | H51: 0.29 | I51: 0.37 | J51: 0.45 | K51: 0.55 | L51: 0.65 | M51: 0.75 | N51: 0.84 | O51: 0.92 | P51: 1
E52: 0.07 | F52: 0.07 | G52: 0.07 | H52: 0.08 | I52: 0.08 | J52: 0.08 | K52: 0.1 | L52: 0.1 | M52: 0.1 | N52: 0.09 | O52: 0.08 | P52: 0.08 | Q52: 1
E53: 0 | F53: 0 | G53: 0 | H53: 0 | I53: 0 | J53: 0 | K53: 0 | L53: 0 | M53: 0 | N53: 0 | O53: 0 | P53: 0
E54: 0.07 | F54: 0.14 | G54: 0.21 | H54: 0.29 | I54: 0.37 | J54: 0.45 | K54: 0.55 | L54: 0.65 | M54: 0.75 | N54: 0.84 | O54: 0.92 | P54: 1
E55: 0.07 | F55: 0.07 | G55: 0.07 | H55: 0.08 | I55: 0.08 | J55: 0.08 | K55: 0.1 | L55: 0.1 | M55: 0.1 | N55: 0.09 | O55: 0.08 | P55: 0.08 | Q55: 1
E56: 0 | F56: 0 | G56: 0 | H56: 0 | I56: 0 | J56: 0 | K56: 0 | L56: 0 | M56: 0 | N56: 0 | O56: 0 | P56: 0
E57: 0.07 | F57: 0.14 | G57: 0.21 | H57: 0.29 | I57: 0.37 | J57: 0.45 | K57: 0.55 | L57: 0.65 | M57: 0.75 | N57: 0.84 | O57: 0.92 | P57: 1
E58: 0.07 | F58: 0.07 | G58: 0.07 | H58: 0.08 | I58: 0.08 | J58: 0.08 | K58: 0.1 | L58: 0.1 | M58: 0.1 | N58: 0.09 | O58: 0.08 | P58: 0.08 | Q58: 1
E59: 0 | F59: 0 | G59: 0 | H59: 0 | I59: 0 | J59: 0 | K59: 0 | L59: 0 | M59: 0 | N59: 0 | O59: 0 | P59: 0
E60: 0.07 | F60: 0.14 | G60: 0.21 | H60: 0.29 | I60: 0.37 | J60: 0.45 | K60: 0.55 | L60: 0.65 | M60: 0.75 | N60: 0.84 | O60: 0.92 | P60: 1
E61: 0.12 | F61: 0.12 | G61: 0.12 | H61: 0.12 | I61: 0.13 | J61: 0.13 | K61: 0.13 | L61: 0.13
E62: 0 | F62: 0 | G62: 0 | H62: 0 | I62: 0 | J62: 0 | K62: 0 | L62: 0 | M62: 0 | N62: 0 | O62: 0 | P62: 0
E63: 0.12 | F63: 0.24 | G63: 0.36 | H63: 0.48 | I63: 0.61 | J63: 0.74 | K63: 0.87 | L63: 1 | M63: 1 | N63: 1 | O63: 1 | P63: 1
B64: 0 | E64: 0.12 | F64: 0.12 | G64: 0.12 | H64: 0.12 | I64: 0.13 | J64: 0.13 | K64: 0.13 | L64: 0.13
E65: 0 | F65: 0 | G65: 0 | H65: 0 | I65: 0 | J65: 0 | K65: 0 | L65: 0 | M65: 0 | N65: 0 | O65: 0 | P65: 0
E66: 0.12 | F66: 0.24 | G66: 0.36 | H66: 0.48 | I66: 0.61 | J66: 0.74 | K66: 0.87 | L66: 1 | M66: 1 | N66: 1 | O66: 1 | P66: 1
B67: 0 | E67: 0.12 | F67: 0.12 | G67: 0.12 | H67: 0.12 | I67: 0.13 | J67: 0.13 | K67: 0.13 | L67: 0.13
E68: 0 | F68: 0 | G68: 0 | H68: 0 | I68: 0 | J68: 0 | K68: 0 | L68: 0 | M68: 0 | N68: 0 | O68: 0 | P68: 0
E69: 0.12 | F69: 0.24 | G69: 0.36 | H69: 0.48 | I69: 0.61 | J69: 0.74 | K69: 0.87 | L69: 1 | M69: 1 | N69: 1 | O69: 1 | P69: 1
B70: 0 | E70: 0.12 | F70: 0.12 | G70: 0.12 | H70: 0.12 | I70: 0.13 | J70: 0.13 | K70: 0.13 | L70: 0.13
E71: 0 | F71: 0 | G71: 0 | H71: 0 | I71: 0 | J71: 0 | K71: 0 | L71: 0 | M71: 0 | N71: 0 | O71: 0 | P71: 0
E72: 0.12 | F72: 0.24 | G72: 0.36 | H72: 0.48 | I72: 0.61 | J72: 0.74 | K72: 0.87 | L72: 1 | M72: 1 | N72: 1 | O72: 1 | P72: 1
B73: 0 | E73: 0.12 | F73: 0.12 | G73: 0.12 | H73: 0.12 | I73: 0.13 | J73: 0.13 | K73: 0.13 | L73: 0.13
E74: 0 | F74: 0 | G74: 0 | H74: 0 | I74: 0 | J74: 0 | K74: 0 | L74: 0 | M74: 0 | N74: 0 | O74: 0 | P74: 0
E75: 0.12 | F75: 0.24 | G75: 0.36 | H75: 0.48 | I75: 0.61 | J75: 0.74 | K75: 0.87 | L75: 1 | M75: 1 | N75: 1 | O75: 1 | P75: 1
B76: 0 | E76: 0.12 | F76: 0.12 | G76: 0.12 | H76: 0.12 | I76: 0.13 | J76: 0.13 | K76: 0.13 | L76: 0.13
E77: 0 | F77: 0 | G77: 0 | H77: 0 | I77: 0 | J77: 0 | K77: 0 | L77: 0 | M77: 0 | N77: 0 | O77: 0 | P77: 0
E78: 0.12 | F78: 0.24 | G78: 0.36 | H78: 0.48 | I78: 0.61 | J78: 0.74 | K78: 0.87 | L78: 1 | M78: 1 | N78: 1 | O78: 1 | P78: 1
B79: 0 | E79: 0.12 | F79: 0.12 | G79: 0.12 | H79: 0.12 | I79: 0.13 | J79: 0.13 | K79: 0.13 | L79: 0.13
E80: 0 | F80: 0 | G80: 0 | H80: 0 | I80: 0 | J80: 0 | K80: 0 | L80: 0 | M80: 0 | N80: 0 | O80: 0 | P80: 0
E81: 0.12 | F81: 0.24 | G81: 0.36 | H81: 0.48 | I81: 0.61 | J81: 0.74 | K81: 0.87 | L81: 1 | M81: 1 | N81: 1 | O81: 1 | P81: 1
B82: 0 | E82: 0.12 | F82: 0.12 | G82: 0.12 | H82: 0.12 | I82: 0.13 | J82: 0.13 | K82: 0.13 | L82: 0.13
E83: 0 | F83: 0 | G83: 0 | H83: 0 | I83: 0 | J83: 0 | K83: 0 | L83: 0 | M83: 0 | N83: 0 | O83: 0 | P83: 0
E84: 0.12 | F84: 0.24 | G84: 0.36 | H84: 0.48 | I84: 0.61 | J84: 0.74 | K84: 0.87 | L84: 1 | M84: 1 | N84: 1 | O84: 1 | P84: 1
B85: 0 | E85: 0.12 | F85: 0.12 | G85: 0.12 | H85: 0.12 | I85: 0.13 | J85: 0.13 | K85: 0.13 | L85: 0.13
E86: 0 | F86: 0 | G86: 0 | H86: 0 | I86: 0 | J86: 0 | K86: 0 | L86: 0 | M86: 0 | N86: 0 | O86: 0 | P86: 0
E87: 0.12 | F87: 0.24 | G87: 0.36 | H87: 0.48 | I87: 0.61 | J87: 0.74 | K87: 0.87 | L87: 1 | M87: 1 | N87: 1 | O87: 1 | P87: 1
B88: 0 | E88: 0.12 | F88: 0.12 | G88: 0.12 | H88: 0.12 | I88: 0.13 | J88: 0.13 | K88: 0.13 | L88: 0.13
E89: 0 | F89: 0 | G89: 0 | H89: 0 | I89: 0 | J89: 0 | K89: 0 | L89: 0 | M89: 0 | N89: 0 | O89: 0 | P89: 0
E90: 0.12 | F90: 0.24 | G90: 0.36 | H90: 0.48 | I90: 0.61 | J90: 0.74 | K90: 0.87 | L90: 1 | M90: 1 | N90: 1 | O90: 1 | P90: 1
B91: 0 | E91: 0.12 | F91: 0.12 | G91: 0.12 | H91: 0.12 | I91: 0.13 | J91: 0.13 | K91: 0.13 | L91: 0.13
E92: 0 | F92: 0 | G92: 0 | H92: 0 | I92: 0 | J92: 0 | K92: 0 | L92: 0 | M92: 0 | N92: 0 | O92: 0 | P92: 0
E93: 0.12 | F93: 0.24 | G93: 0.36 | H93: 0.48 | I93: 0.61 | J93: 0.74 | K93: 0.87 | L93: 1 | M93: 1 | N93: 1 | O93: 1 | P93: 1
B94: 0 | E94: 0.12 | F94: 0.12 | G94: 0.12 | H94: 0.12 | I94: 0.13 | J94: 0.13 | K94: 0.13 | L94: 0.13 | M94: 0.13
E95: 0 | F95: 0 | G95: 0 | H95: 0 | I95: 0 | J95: 0 | K95: 0 | L95: 0 | M95: 0 | N95: 0 | O95: 0 | P95: 0
E96: 0.12 | F96: 0.24 | G96: 0.36 | H96: 0.48 | I96: 0.61 | J96: 0.74 | K96: 0.87 | L96: 1 | M96: 1.13 | N96: 1.13 | O96: 1.13 | P96: 1.13
B97: 0 | E97: 0.12 | F97: 0.12 | G97: 0.12 | H97: 0.12 | I97: 0.13 | J97: 0.13 | K97: 0.13 | L97: 0.13 | M97: 0.13
E98: 0 | F98: 0 | G98: 0 | H98: 0 | I98: 0 | J98: 0 | K98: 0 | L98: 0 | M98: 0 | N98: 0 | O98: 0 | P98: 0
E99: 0.12 | F99: 0.24 | G99: 0.36 | H99: 0.48 | I99: 0.61 | J99: 0.74 | K99: 0.87 | L99: 1 | M99: 1.13 | N99: 1.13 | O99: 1.13 | P99: 1.13
B100: 0 | E100: 0.12 | F100: 0.12 | G100: 0.12 | H100: 0.12 | I100: 0.13 | J100: 0.13 | K100: 0.13 | L100: 0.13 | M100: 0.13
E101: 0 | F101: 0 | G101: 0 | H101: 0 | I101: 0 | J101: 0 | K101: 0 | L101: 0 | M101: 0 | N101: 0 | O101: 0 | P101: 0
E102: 0.12 | F102: 0.24 | G102: 0.36 | H102: 0.48 | I102: 0.61 | J102: 0.74 | K102: 0.87 | L102: 1 | M102: 1.13 | N102: 1.13 | O102: 1.13 | P102: 1.13
B103: 0 | E103: 0.12 | F103: 0.12 | G103: 0.12 | H103: 0.12 | I103: 0.13 | J103: 0.13 | K103: 0.13 | L103: 0.13 | M103: 0.13
E104: 0 | F104: 0 | G104: 0 | H104: 0 | I104: 0 | J104: 0 | K104: 0 | L104: 0 | M104: 0 | N104: 0 | O104: 0 | P104: 0
...

Sheet CAPA DESCRITIVA
B2: GOVERNO DO DISTRITO FEDERAL
B3: COMPANHIA URBANIZADORA DA NOVA CAPITAL DO BRASIL - NOVACAP
B4: DIRETORIA DE URBANIZAÇÃO
B13: DADOS DA OBRA:
B14: RECONSTRUÇÃO E IMPLANTAÇÃO DE CALÇADAS
B15: GAMA
B16: INTERESSADO: PROCESSO 00112-00004957/2025-51
B18: SEM DESONERAÇÃO
B20: RESPONSÁVEL TECNICO DO ORÇAMENTO:
B21: FABIO ROSSIGNOLI MARQUES
B22: CREA: 83382/D-MG
B26: MEMÓRIA DESCRITIVA

Sheet MEMÓRIA DESCRITIVA
B1: ESTIMATIVA DE PREÇOS
B2: =CAPA!B19 -> SEM DESONERAÇÃO
B3: =CAPA!B17 -> INTERESSADO: PROCESSO 00112-00004957/2025-51
B4: =CAPA!B14 -> RECONSTRUÇÃO E IMPLANTAÇÃO DE CALÇADAS
B5: =#REF! -> #REF!
B9: 0.63 | C9: Calçada Ruim
B10: 0 | C10: Calçada Regular
A11: TAB REFERÊNCIA | C11: DESCRIÇÃO DO ITEM | D11: UNIDADE
E12: Comprimento da calçada | F12: 0 | G12: m
B13: GRUPO 01 | C13: Demolição de calçadas | D13: 34278.086 | E13: largura da calçada | F13: 2 | G13: m
A14: SINAPI | B14: 97636 | C14: DEMOLIÇÃO PARCIAL DE PAVIMENTO, DE FORMA MECANIZADA, SEM REAPROVEITAMENTO. AF_09/2023 | D14: M2 | E14: ESPESSURA DE CONCRETO | F14: 0.05
C15: Carga e transporte do material demolido | F15: m3 | G15: t
A16: SINAPI | B16: 100989 | C16: CARGA, MANOBRA E DESCARGA DE SOLOS E MATERIAIS GRANULARES EM CAMINHÃO BASCULANTE 6 M³ - CARGA COM PÁ CARREGADEIRA (CAÇAMBA DE 1,7 A 2,8 M³ / 128 HP) E DESCARGA LIVRE (UNIDADE: T). AF_07/2020 | D16: T | E16: Estimado espessura de demolição de 5 cm 1,5 t/m3 | F16: 1713.9043 | G16: 2570.8564
A17: SINAPI | B17: 95879 | C17: TRANSPORTE COM CAMINHÃO BASCULANTE DE 14 M³, EM VIA URBANA PAVIMENTADA, DMT ATÉ 30 KM (UNIDADE: TXKM). AF_07/2020 | D17: TXKM | E17: Transporte para o Bota Fora, até a distância de 30,0 km
A18: SINAPI | B18: 93599 | C18: TRANSPORTE COM CAMINHÃO BASCULANTE DE 14 M³, EM VIA URBANA PAVIMENTADA, ADICIONAL PARA DMT EXCEDENTE A 30 KM (UNIDADE: TXKM). AF_07/2020 | D18: TXKM | E18: Transporte excedente a 30 km, com DMT NOVACAP
F20: MF RUIM | G20: MF REGULAR
B21: GRUPO 02 | C21: Demolição de meio fio | D21: 8321 | E21: Quantidade Extraida do SGPU (Meio fio ruim e /ou regular) | F21: 0.5 | G21: 0
A22: SINAPI | B22: 104790 | C22: DEMOLIÇÃO DE PISO DE CONCRETO SIMPLES, DE FORMA MECANIZADA COM MARTELETE, SEM REAPROVEITAMENTO. AF_09/2023 | D22: M3 | E22: Cada meio fio possui 0,043 m3
C23: Carga e transporte do material demolido
A24: SINAPI | B24: 100989 | C24: CARGA, MANOBRA E DESCARGA DE SOLOS E MATERIAIS GRANULARES EM CAMINHÃO BASCULANTE 6 M³ - CARGA COM PÁ CARREGADEIRA (CAÇAMBA DE 1,7 A 2,8 M³ / 128 HP) E DESCARGA LIVRE (UNIDADE: T). AF_07/2020 | D24: T | E24: Volume demolido x 1,5 t/m3
A25: SINAPI | B25: 95879 | C25: TRANSPORTE COM CAMINHÃO BASCULANTE DE 14 M³, EM VIA URBANA PAVIMENTADA, DMT ATÉ 30 KM (UNIDADE: TXKM). AF_07/2020 | D25: TXKM | E25: Transporte para o Bota Fora, até a distância de 30,0 km, com DMT da Novacap até a obra
A26: SINAPI | B26: 93599 | C26: TRANSPORTE COM CAMINHÃO BASCULANTE DE 14 M³, EM VIA URBANA PAVIMENTADA, ADICIONAL PARA DMT EXCEDENTE A 30 KM (UNIDADE: TXKM). AF_07/2020 | D26: TXKM | E26: Transporte excedente a 30 km, com DMT da Novacap até a obra
B29: GRUPO 03 | C29: Limpeza de camada vegetal | D29: 1713.9043 | E29: Estimado igual a 5% da área de calçada a demolir
A30: SICRO | B30: 5502985 | C30: Limpeza mecanizada da camada vegetal | D30: m² | E30: ESPESSURA DE LIMPEZA | F30: 0.1 | G30: m
C31: Carga e transporte da limpeza vegetal
A32: SINAPI | B32: 100995 | C32: CARGA, MANOBRA E DESCARGA DE SOLOS E MATERIAIS GRANULARES EM CAMINHÃO BASCULANTE 14 M³ - CARGA COM ESCAVADEIRA HIDRÁULICA (CAÇAMBA DE 1,20 M³ / 155 HP) E DESCARGA LIVRE (UNIDADE: T). AF_07/2020 | D32: T | E32: Estimado espessura de limpeza de 10 cm, multiplicado por 1,5 t/m3
A33: SINAPI | B33: 95879 | C33: TRANSPORTE COM CAMINHÃO BASCULANTE DE 14 M³, EM VIA URBANA PAVIMENTADA, DMT ATÉ 30 KM (UNIDADE: TXKM). AF_07/2020 | D33: TXKM | E33: Transporte para o Bota Fora, até a distância de 30,0 km
A34: SINAPI | B34: 93599 | C34: TRANSPORTE COM CAMINHÃO BASCULANTE DE 14 M³, EM VIA URBANA PAVIMENTADA, ADICIONAL PARA DMT EXCEDENTE A 30 KM (UNIDADE: TXKM). AF_07/2020 | D34: TXKM | E34: Transporte excedente a 30 km, com DMT BOTA FORA
A35: NOVACAP | B35: Item 3 | C35: DISPOSIÇÃO FINAL DE RESÍDUOS DA CONSTRUÇÃO CIVIL SEGREGADOS (RESOLUÇÃO Nº 11, DE 18 DE NOVEMBRO DE 2022) Tarifas e preços públicos regulados - Atualizado em JAN/2024 (https://www.adasa.df.gov.br/estudos-economicos-e-fiscalizacao-financeira/tarifas-vigentes?show_menu=1&menu_name=estudos-econo-fisc-finan) | D35: T | E35: estimado que 90% do material demolido está segregado, esta quantidade deve ser aferida em campo.
A36: NOVACAP | B36: Item 4 | C36: DISPOSIÇÃO FINAL DE RESÍDUOS DA CONSTRUÇÃO CIVIL NÃO SEGREGADOS (RESOLUÇÃO Nº 11, DE 18 DE NOVEMBRO DE 2022) Tarifas e preços públicos regulados - Atualizado em JAN/2024 (https://www.adasa.df.gov.br/estudos-economicos-e-fiscalizacao-financeira/tarifas-vigentes?show_menu=1&menu_name=estudos-econo-fisc-finan) | D36: T | E36: estimado que 10% do material demolido NÃO está segregado, esta quantidade deve ser aferida em campo.
B39: GRUPO 04 | C39: Nivelamento de PV | D39: 740 | F39: 1
A40: NOVACAP | B40: 06-21-00M/PMSP | C40: LEVANTAMENTO OU REBAIXAMENTO DE TAMPÃO DE POÇO DE VISITA | D40: UNID. | E40: Quantidade Extraida do SGPU (PV saliente ou rebaixado)
B43: GRUPO 05 | C43: EXECUÇÃO CALÇADA E RAMPAS DE ACESSIBILIDADE | D43: 25708.564 | E43: Soma da área de demolição de calçadas, com a área de limpeza de camada vegetal, excluído a área de calçada armada.
C44: ATERRO E LASTRO DE BRITA
A45: SINAPI | B45: 6077 | C45: ARGILA OU BARRO PARA ATERRO/REATERRO (RETIRADO NA JAZIDA, SEM TRANSPORTE) | D45: m³ | E45: Estimado 3,0 cm de aterro, devendo ser aferido em campo a necessidade de efetuar o aterro, bem como a quantidade de material a ser empregado.
A46: SINAPI | B46: 97084 | C46: COMPACTAÇÃO MECÂNICA DE SOLO PARA EXECUÇÃO DE RADIER, PISO DE CONCRETO OU LAJE SOBRE SOLO, COM COMPACTADOR DE SOLOS TIPO PLACA VIBRATÓRIA. AF_09/2021 | D46: M2 | E46: Igual a área a pavimentar
A47: SINAPI | B47: 96622 | C47: LASTRO COM MATERIAL GRANULAR, APLICADO EM PISOS OU LAJES SOBRE SOLO, ESPESSURA DE *5 CM*. AF_01/2024 | D47: M3 | E47: Lastro de 5 cm
A48: NOVACAP | B48: 94991M | C48: EXECUÇÃO DE PASSEIO (CALÇADA) OU PISO DE CONCRETO COM CONCRETO MOLDADO IN LOCO, USINADO, ACABAMENTO CONVENCIONAL, NÃO ARMADO. AF_07/2016 - EXCLUINDO O SARRAFO | D48: M3 | E48: Calçada de 5,0 cm
C49: TRANSPORTE DA ARGILA E DA BRITA (LASTRO)
A50: SINAPI | B50: 95879 | C50: TRANSPORTE COM CAMINHÃO BASCULANTE DE 14 M³, EM VIA URBANA PAVIMENTADA, DMT ATÉ 30 KM (UNIDADE: TXKM). AF_07/2020 | D50: TXKM | E50: Transporte até 30 km, com DMT NOVACAP
A51: SINAPI | B51: 93599 | C51: TRANSPORTE COM CAMINHÃO BASCULANTE DE 14 M³, EM VIA URBANA PAVIMENTADA, ADICIONAL PARA DMT EXCEDENTE A 30 KM (UNIDADE: TXKM). AF_07/2020 | D51: TXKM | E51: Transporte excedente a 30 km, com DMT NOVACAP
C52: UMIDIFICAÇÃO (LASTRO E CURA DO CONCRETO) | E52: Estimado igual a 2x o volume de lastro de BGS, devendo ser aferido em campo, pois depende da quantidade de vezes a ser aplicada, que por sua vez depende da umidade relativa do ar.
A53: NOVACAP | B53: 95606M | C53: UMIDIFICAÇÃO DE MATERIAL PARA VALAS COM CAMINHÃO PIPA 10000L. AF_11/2016 | D53: M3
B56: GRUPO 06 | C56: EXECUÇÃO CALÇADA ARMADA E RAMPAS DE ACESSIBILIDADE | D56: 10283.426 | E56: Estimado que 30% da área de calçada demolida será reconstruida, em concreto armado.
A57: SINAPI | B57: 6077 | C57: ARGILA OU BARRO PARA ATERRO/REATERRO (RETIRADO NA JAZIDA, SEM TRANSPORTE) | D57: m³ | E57: Estimado 3,0 cm de aterro, devendo ser aferido em campo a necessidade de efetuar o aterro, bem como a quantidade de material a ser empregado.
A58: SINAPI | B58: 97084 | C58: COMPACTAÇÃO MECÂNICA DE SOLO PARA EXECUÇÃO DE RADIER, PISO DE CONCRETO OU LAJE SOBRE SOLO, COM COMPACTADOR DE SOLOS TIPO PLACA VIBRATÓRIA. AF_09/2021 | D58: M2 | E58: Igual a área a pavimentar
A59: SINAPI | B59: 96622 | C59: LASTRO COM MATERIAL GRANULAR, APLICADO EM PISOS OU LAJES SOBRE SOLO, ESPESSURA DE *5 CM*. AF_01/2024 | D59: M3 | E59: Lastro de 5 cm
A60: NOVACAP | B60: 94995M | C60: EXECUÇÃO DE PASSEIO (CALÇADA) OU PISO DE CONCRETO COM CONCRETO MOLDADO IN LOCO, USINADO, ACABAMENTO CONVENCIONAL, ESPESSURA 8 CM, ARMADO. AF_07/2016 - EXCLUINDO O SARRAFO E LONA PLÁSTICA | D60: M2 | E60: Calçada de 8,0 cm
C61: TRANSPORTE DA ARGILA E DA BRITA (LASTRO)
A62: SINAPI | B62: 95879 | C62: TRANSPORTE COM CAMINHÃO BASCULANTE DE 14 M³, EM VIA URBANA PAVIMENTADA, DMT ATÉ 30 KM (UNIDADE: TXKM). AF_07/2020 | D62: TXKM | E62: Transporte até 30 km, com DMT NOVACAP
A63: SINAPI | B63: 93599 | C63: TRANSPORTE COM CAMINHÃO BASCULANTE DE 14 M³, EM VIA URBANA PAVIMENTADA, ADICIONAL PARA DMT EXCEDENTE A 30 KM (UNIDADE: TXKM). AF_07/2020 | D63: TXKM | E63: Transporte excedente a 30 km, com DMT NOVACAP
C64: UMIDIFICAÇÃO (LASTRO E CURA DO CONCRETO) | E64: Estimado igual a 2 X o volume de lastro de BGS, devendo ser aferido em campo, pois depende da quantidade de vezes a ser aplicada, que por sua vez depende da umidade relativa do ar.
A65: NOVACAP | B65: 95606M | C65: UMIDIFICAÇÃO DE MATERIAL PARA VALAS COM CAMINHÃO PIPA 10000L. AF_11/2016 | D65: M3
B68: GRUPO 07 | C68: EXECUÇÃO DE MEIO-FIO | E68: Igual a Extensão de meio-fio a demolir
A69: SINAPI | B69: 94273 | C69: ASSENTAMENTO DE GUIA (MEIO-FIO) EM TRECHO RETO, CONFECCIONADA EM CONCRETO PRÉ-FABRICADO, DIMENSÕES 100X15X13X30 CM (COMPRIMENTO X BASE INFERIOR X BASE SUPERIOR X ALTURA). AF_01/2024 | D69: M | E69: Quantidade estimada, deve ser aferida em campo.
C70: TRANSPORTE DE AREIA | E70: 0,0070000 | F70: CONSUMO DE AREIA
A71: SINAPI | B71: 95879 | C71: TRANSPORTE COM CAMINHÃO BASCULANTE DE 14 M³, EM VIA URBANA PAVIMENTADA, DMT ATÉ 30 KM (UNIDADE: TXKM). AF_07/2020 | D71: TXKM
A72: SINAPI | B72: 93599 | C72: TRANSPORTE COM CAMINHÃO BASCULANTE DE 14 M³, EM VIA URBANA PAVIMENTADA, ADICIONAL PARA DMT EXCEDENTE A 30 KM (UNIDADE: TXKM). AF_07/2020 | D72: TXKM
B75: GRUPO 08 | C75: EXECUÇÃO DE CORDÃO DE CONCRETO | E75: Estimado em 10% da extensão de meio-fio a executar. Quantitativo estimado, devendo ser aferido em campo
A76: NOVACAP | B76: 94273M1/SINAPI | C76: ASSENTAMENTO DE GUIA (MEIO-FIO) TIPO CORDÃO E VIGA P/ BOCA DE LOBO, EM TRECHO RETO, CONFECCIONADA EM CONCRETO PRÉ-FABRICADO, DIMENSÕES 100X8X10X17 CM (COMPRIMENTO X BASE SUPERIOR X BASE INFERIOR X ALTURA) OU SIMILAR PARA VIAS URBANAS (USO VIÁRIO)(FORNECIMENTO E INSTALAÇÃO) | D76: M
C77: TRANSPORTE DE AREIA | E77: 0,0070000 | F77: CONSUMO DE AREIA
A78: SINAPI | B78: 95879 | C78: TRANSPORTE COM CAMINHÃO BASCULANTE DE 14 M³, EM VIA URBANA PAVIMENTADA, DMT ATÉ 30 KM (UNIDADE: TXKM). AF_07/2020 | D78: TXKM | E78: Transporte até 30 km, com DMT NOVACAP
A79: SINAPI | B79: 93599 | C79: TRANSPORTE COM CAMINHÃO BASCULANTE DE 14 M³, EM VIA URBANA PAVIMENTADA, ADICIONAL PARA DMT EXCEDENTE A 30 KM (UNIDADE: TXKM). AF_07/2020 | D79: TXKM | E79: Transporte excedente a 30 km, com DMT NOVACAP
F81: Ruim | G81: Regular
B82: GRUPO 09 | C82: EXECUÇÃO BOCA DE LOBO DUPLA | D82: 136 | E82: Quantidade estimada, deve ser aferida em campo (Para recuperação de Boca de Lobo "Ruim" e "Regular") e/ou BL Novas | F82: 0.5 | G82: 0
A83: SINAPI | B83: 97957 | C83: CAIXA PARA BOCA DE LOBO DUPLA RETANGULAR, EM ALVENARIA COM BLOCOS DE CONCRETO, DIMENSÕES INTERNAS: 0,6X2,2X1,2 M. AF_12/2020 | D83: UN | E83: ESPESSURA DE CONCRETO
C84: SARJETA DE CONCRETO
A85: SINAPI | B85: 97636 | C85: DEMOLIÇÃO PARCIAL DE PAVIMENTO ASFÁLTICO, DE FORMA MECANIZADA, SEM REAPROVEITAMENTO. AF_09/2023 | D85: M2 | E85: Comprimento de sarjeta (7+ 0,60 + 0,60) X 0,45 M DE LARGURA, multiplicado pela quantidade de BL
A86: SINAPI | B86: 94283 | C86: EXECUÇÃO DE SARJETA DE CONCRETO USINADO, MOLDADA IN LOCO EM TRECHO RETO, 45 CM BASE X 15 CM ALTURA. AF_01/2024 | D86: M | E86: Comprimento de sarjetaL (7+ 0,60 + 0,60), multiplicado pela quantidade de BL
C87: TRANSPORTE DO PAVIMENTO DEMOLIDO | D87: 112.914 | E87: Estimado igual a quantidade de BL x (7+0,60+0,60)*0,45*0,15*1,5 t/m3
A88: SINAPI | B88: 95879 | C88: TRANSPORTE COM CAMINHÃO BASCULANTE DE 14 M³, EM VIA URBANA PAVIMENTADA, DMT ATÉ 30 KM (UNIDADE: TXKM). AF_07/2020 | D88: TXKM
A89: SINAPI | B89: 93599 | C89: TRANSPORTE COM CAMINHÃO BASCULANTE DE 14 M³, EM VIA URBANA PAVIMENTADA, ADICIONAL PARA DMT EXCEDENTE A 30 KM (UNIDADE: TXKM). AF_07/2020 | D89: TXKM
B92: GRUPO 10 | C92: EXECUÇÃO BOCA DE LOBO SIMPLES | D92: 136 | E92: Quantidade estimada, deve ser aferida em campo (Para recuperação de Boca de Lobo "Ruim" e "Regular") e/ou BL Novas | F92: 0.5
A93: SINAPI | B93: 97956 | C93: CAIXA PARA BOCA DE LOBO SIMPLES RETANGULAR, EM ALVENARIA COM BLOCOS DE CONCRETO, DIMENSÕES INTERNAS: 0,6X1X1,2 M. AF_12/2020 | D93: UN | E93: ESPESSURA DE CONCRETO
C94: SARJETA DE CONCRETO
A95: SINAPI | B95: 97636 | C95: DEMOLIÇÃO PARCIAL DE PAVIMENTO ASFÁLTICO, DE FORMA MECANIZADA, SEM REAPROVEITAMENTO. AF_09/2023 | D95: M2 | E95: Comprimento de sarjeta (5+ 0,60 + 0,60) X 0,45 M DE LARGURA, multiplicado pela quantidade de BL
A96: SINAPI | B96: 94283 | C96: EXECUÇÃO DE SARJETA DE CONCRETO USINADO, MOLDADA IN LOCO EM TRECHO RETO, 45 CM BASE X 15 CM ALTURA. AF_01/2024 | D96: M | E96: Comprimento de sarjeta (5,00+ 0,60 + 0,60), multiplicado pela quantidade de BL
C97: TRANSPORTE DO PAVIMENTO DEMOLIDO | D97: 85.374 | E97: Estimado igual a quantidade de BL x (5,00+0,60+0,60)*0,45*0,15*1,5 t/m3
A98: SINAPI | B98: 95879 | C98: TRANSPORTE COM CAMINHÃO BASCULANTE DE 14 M³, EM VIA URBANA PAVIMENTADA, DMT ATÉ 30 KM (UNIDADE: TXKM). AF_07/2020 | D98: TXKM
A99: SINAPI | B99: 93599 | C99: TRANSPORTE COM CAMINHÃO BASCULANTE DE 14 M³, EM VIA URBANA PAVIMENTADA, ADICIONAL PARA DMT EXCEDENTE A 30 KM (UNIDADE: TXKM). AF_07/2020 | D99: TXKM
B102: GRUPO 11 | C102: SINALIZAÇÃO DE OBRA | D102: 103 | E102: Quantidade estimada, deve ser aferida em campo
A103: NOVACAP | B103: 1.8.6 C2949M/SEINFRA | C103: SINALIZAÇÃO DE TRÂNSITO NOTURNA | D103: M
A104: NOVACAP | B104: 4780/NOVACAP | C104: ISOLAMENTO DE OBRA COM TELA PLASTICA COM MALHA DE 5 MM (BASEADO NO CÓDIGO DESATIVADO 85423/SINAPI) | D104: M2
A105: NOVACAP | B105: AD24.05.0500M (/) AD25.05.0500M (/) SCO-RIO | C105: PROTEÇÃO DE CANTEIRO DE OBRA EM ÁREAS PÚBLICAS, COMPREENDENDO TELA PLÁSTICA, ESTRUTURA DE MADEIRA A CADA 3M DE DISTÂNCIA COM BASE DE CONCRETO, UTILIZAÇÃO 2 VEZES. | D105: M
B108: GRUPO 12 | C108: PEÇAS DE REPOSIÇÃO
A109: SINAPI | B109: 98050 | C109: CHAMINÉ CIRCULAR PARA POÇO DE VISITA PARA ESGOTO, EM CONCRETO PRÉ-MOLDADO, DIÂMETRO INTERNO = 0,6 M. AF_12/2020 | D109: M | E109: Igual a soma de quantidade de BL simples e BL dupla, dividido por 5. Quantidade estimada, deve ser aferida em campo.
A110: NOVACAP | B110: 4493/NOVACAP | C110: FORNECIMENTO DE TAMPA ADUELA PONTA E BOLSA 600MM EM CONCRETO ARMADO PARA POÇO DE VISITA DN=Ø0,70M, E=0,08M | D110: UNID. | E110: Igual a soma de quantidade de BL simples e BL dupla. Quantidade estimada, deve ser aferida em campo.
A111: SINAPI | B111: 98114 | C111: TAMPA CIRCULAR PARA ESGOTO E DRENAGEM, EM FERRO FUNDIDO, DIÂMETRO INTERNO = 0,6 M. AF_12/2020 | D111: UN | E111: Igual a soma de quantidade de BL simples e BL dupla. Quantidade estimada, deve ser aferida em campo.
A112: NOVACAP | B112: 98114M/SINAPI | C112: TAMPAO FOFO SIMPLES COM BASE, CLASSE D400 CARGA MAX 40 T, REDONDO, TAMPA 600 MM, REDE PLUVIAL/ESGOTO (COM INSCRICAO EM RELEVO DO TIPO DE REDE) - FORNECIMENTO E ASSENTAMENTO. | D112: UNID. | E112: Igual a soma de quantidade de BL simples e BL dupla. Quantidade estimada, deve ser aferida em campo.
B115: GRUPO 13 | C115: REGISTRO DE ALTERAÇÕES E MODIFICAÇÕES DE PROJETO (US BUILT) E CONTROLE TÉCNICO DA OBRA
A116: PMSP | B116: 01-009-000 | C116: LEVANTAMENTO PLANIMÉTRICO CADASTRAL | D116: M2 | E116: conforme a área de calçadas.
A117: PMSP | B117: 03-002-000 | C117: PROJETO EM PLANTA PARA PROJETO DE CALÇADAS E ACESSIBILIDADE | D117: M | E117: conforme a extensão de calçadas.
A118: PMSP | B118: 03-003-000 | C118: PROJETO EM PERFIL PARA PROJETO DE CALÇADAS E ACESSIBILIDADE | D118: M | E118: conforme a extensão de calçadas.
A119: SINAPI | B119: 94296 | C119: TOPOGRAFO COM ENCARGOS COMPLEMENTARES | D119: MES | E119: Um profissional, pelo período da obra
A120: SINAPI | B120: 41093 | C120: AUXILIAR DE TOPOGRAFO (MENSALISTA) | D120: MES | E120: Um profissional, pelo período da obra
A121: PMSP | B121: 02-006-022 | C121: CONTROLE TECNOLÓGICO DE CONCRETO - ENSAIO DE ESCLEROMETRIA EM 10 PONTOS COM 16 TIROS POR PONTO | D121: ENS. | E121: A quantidade de ensaio está estimada em área de calçada, dividida por 300, com a finalidade de levantamento por amostragem. As quantidades de esnsaio devem ser aferidas em campo.
B133: 4011211 | C133: Reforço do subleito com material de jazida
B135: 4016096 Escavação e carga de material de jazida com escavadeira hidráulica de 1,56 m³ | C135: Escavação e carga de material de jazida com escavadeira hidráulica de 1,56 m³

Sheet CAPA MEMO GERAL
B2: GOVERNO DO DISTRITO FEDERAL
B3: COMPANHIA URBANIZADORA DA NOVA CAPITAL DO BRASIL - NOVACAP
B4: DIRETORIA DE URBANIZAÇÃO
B26: MEMÓRIA DE CÁLCULOS
B27: COMPOSIÇÃO DE PREÇOS DE APOIO PARA CÁLCULOS
B28: COMPOSIÇÃO DE PREÇOS UNITÁRIOS
B29: APONTAMENTOS E REFERÊNCIAS

Sheet CCU - ROLO COMP
A3: Custo Unitário de Referência | D3: TABELA DE REFERÊNCIA - SINAPI ABRIL/25 - SICRO JAN/25 - PMSP JAN/25 | G3: Produção da equipe | H3: 2.25 | I3: m³
A4: 4915703M | B4: Espalhamento de material de preenchimento e compactação com rolo compactador de 1,6 t | H4: Valores em reais (R$)
A5: A - EQUIPAMENTOS | C5: Quantidade | D5: Utilização | F5: Custo Horário | I5: Custo
D6: Operativa | E6: Improdutiva | F6: Produtivo | G6: Improdutivo | I6: Horário Total
A7: E9682 | B7: Rolo compactador liso autopropelido vibratório de 1,6 t - 18 kW | C7: 1 | D7: 0.17 | E7: 0.83 | F7: 102.9183 | G7: 56.5953 | I7: 64.47021
G8: Custo horário total de equipamentos
A9: B - MÃO DE OBRA | C9: Quantidade | D9: Unidade | E9: Custo Horário | G9: Custo Horário Total
A10: P9824 | B10: Servente | C10: 8 | D10: h | F10: 21.292 | I10: 170.336
C11: Custo horário total de mão de obra | H11: 170.336
C12: Custo horário total de execução | I12: 234.80621
C13: Custo unitário de execução | I13: 104.35832
G14: Custo do FIC | I14: -
G15: Custo do FIT | I15: -
A16: C - MATERIAL | C16: Quantidade | D16: Unidade | E16: Preço Unitário | G16: Custo Unitário
C17: Custo unitário total de material
A18: D - ATIVIDADES AUXILIARES | C18: Quantidade | D18: Unidade | E18: Custo Unitário | G18: Custo Unitário
A19: 4915801 | B19: Mistura betuminosa | C19: 1 | D19: m³
C20: Custo total de atividades auxiliares
G21: Subtotal
A22: E - TEMPO FIXO | C22: Código | D22: Quantidade | E22: Unidade | F22: Custo Unitário | H22: Custo Unitário
A23: 4915801 | B23: Mistura betuminosa - Caminhão basculante 6 m³ | C23: 5914328 | D23: 2.4 | E23: t
C24: Custo unitário total de tempo fixo
A25: F - MOMENTO DE TRANSPORTE | C25: Quantidade | D25: Unidade | E25: DMT | I25: Custo Unitário
E26: LN | F26: RP | G26: P
A27: 4915801 | B27: Mistura betuminosa - Caminhão basculante 6 m³ | C27: 2.4 | D27: tkm | E27: 5914314 | F27: 5914329 | G27: 5914344
C28: Custo unitário total de transporte | I28: -
E29: Custo unitário direto total | I29: 104.36
A30: Obs.

Sheet COMPOSIÇÕES
A1: 03.PISO.PASS.021/01 | B1: 94991 | C1: EXECUÇÃO DE PASSEIO (CALÇADA) OU PISO DE CONCRETO COM CONCRETO MOLDADO IN LOCO, USINADO, ACABAMENTO CONVENCIONAL, NÃO ARMADO. AF_07/2016 | D1: M3 | F1: Passeios de concreto
A2: INSUMO | B2: 4460 | C2: SARRAFO NAO APARELHADO *2,5 X 10* CM, EM MACARANDUBA, ANGELIM OU EQUIVALENTE DA REGIAO - BRUTA | D2: M | E2: 2.5
A3: INSUMO | B3: 4517 | C3: SARRAFO *2,5 X 7,5* CM EM PINUS, MISTA OU EQUIVALENTE DA REGIAO - BRUTA | D3: M | E3: 2
A4: INSUMO | B4: 34492 | C4: CONCRETO USINADO BOMBEAVEL, CLASSE DE RESISTENCIA C20, COM BRITA 0 E 1, SLUMP = 100 +/- 20 MM, EXCLUI SERVICO DE BOMBEAMENTO (NBR 8953) | D4: M3 | E4: 1.213
A5: COMPOSICAO | B5: 88262 | C5: CARPINTEIRO DE FORMAS COM ENCARGOS COMPLEMENTARES | D5: H | E5: 2.256
A6: COMPOSICAO | B6: 88309 | C6: PEDREIRO COM ENCARGOS COMPLEMENTARES | D6: H | E6: 0.26
A7: COMPOSICAO | B7: 88316 | C7: SERVENTE COM ENCARGOS COMPLEMENTARES | D7: H | E7: 2.516
B9: 94991M | C9: EXECUÇÃO DE PASSEIO (CALÇADA) OU PISO DE CONCRETO COM CONCRETO MOLDADO IN LOCO, USINADO, ACABAMENTO CONVENCIONAL, NÃO ARMADO. AF_07/2016 - EXCLUINDO O SARRAFO | D9: M3 | F9: CUSTO UNI | G9: CUSTO TOTAL
B10: 34492 | C10: CONCRETO USINADO BOMBEAVEL, CLASSE DE RESISTENCIA C20, COM BRITA 0 E 1, SLUMP = 100 +/- 20 MM, EXCLUI SERVICO DE BOMBEAMENTO (NBR 8953) | D10: M3 | E10: 1.213 | F10: 470 | G10: 570.11
B11: 88309 | C11: PEDREIRO COM ENCARGOS COMPLEMENTARES | D11: H | E11: 0.26 | F11: 31.34 | G11: 8.1484
B12: 88316 | C12: SERVENTE COM ENCARGOS COMPLEMENTARES | D12: H | E12: 2.516 | F12: 23.75 | G12: 59.755
B13: 97114 | C13: EXECUÇÃO DE JUNTAS DE CONTRAÇÃO PARA PAVIMENTOS DE CONCRETO. AF_04/2022 | D13: M | E13: 0.0909 | F13: 0.42 | G13: 0.038178
G14: 638.05158
A16: 03.PISO.PASS.017/01 | B16: 94990 | C16: EXECUÇÃO DE PASSEIO (CALÇADA) OU PISO DE CONCRETO COM CONCRETO MOLDADO IN LOCO, FEITO EM OBRA, ACABAMENTO CONVENCIONAL, NÃO ARMADO. AF_07/2016 | D16: M3 | F16: Passeios de concreto | G16: 0
A17: INSUMO | B17: 4460 | C17: SARRAFO NAO APARELHADO *2,5 X 10* CM, EM MACARANDUBA, ANGELIM OU EQUIVALENTE DA REGIAO - BRUTA | D17: M | E17: 2.5
A18: INSUMO | B18: 4517 | C18: SARRAFO *2,5 X 7,5* CM EM PINUS, MISTA OU EQUIVALENTE DA REGIAO - BRUTA | D18: M | E18: 2
A19: COMPOSICAO | B19: 88262 | C19: CARPINTEIRO DE FORMAS COM ENCARGOS COMPLEMENTARES | D19: H | E19: 2.256
A20: COMPOSICAO | B20: 88309 | C20: PEDREIRO COM ENCARGOS COMPLEMENTARES | D20: H | E20: 1.983
A21: COMPOSICAO | B21: 88316 | C21: SERVENTE COM ENCARGOS COMPLEMENTARES | D21: H | E21: 4.239
A22: COMPOSICAO | B22: 94964 | C22: CONCRETO FCK = 20MPA, TRAÇO 1:2,7:3 (EM MASSA SECA DE CIMENTO/ AREIA MÉDIA/ BRITA 1) - PREPARO MECÂNICO COM BETONEIRA 400 L. AF_05/2021 | D22: M3 | E22: 1.213
B24: 94990M | C24: EXECUÇÃO DE PASSEIO (CALÇADA) OU PISO DE CONCRETO COM CONCRETO MOLDADO IN LOCO, FEITO EM OBRA, ACABAMENTO CONVENCIONAL, NÃO ARMADO. AF_07/2016 - EXCLUINDO O SARRAFO | D24: M3 | F24: CUSTO UNI | G24: CUSTO TOTAL
B25: 88309 | C25: PEDREIRO COM ENCARGOS COMPLEMENTARES | D25: H | E25: 1.983 | F25: 31.34 | G25: 62.14722
B26: 88316 | C26: SERVENTE COM ENCARGOS COMPLEMENTARES | D26: H | E26: 4.239 | F26: 23.75 | G26: 100.67625
B27: 94964 | C27: CONCRETO FCK = 20MPA, TRAÇO 1:2,7:3 (EM MASSA SECA DE CIMENTO/ AREIA MÉDIA/ BRITA 1) - PREPARO MECÂNICO COM BETONEIRA 400 L. AF_05/2021 | D27: M3 | E27: 1.213 | F27: 580.75 | G27: 704.44975
B28: 97114 | C28: EXECUÇÃO DE JUNTAS DE CONTRAÇÃO PARA PAVIMENTOS DE CONCRETO. AF_04/2022 | D28: M | E28: 0.0909 | F28: 0.42 | G28: 0.038178
G29: 867.3114
A31: 03.PISO.PASS.010/01 | B31: 94994 | C31: EXECUÇÃO DE PASSEIO (CALÇADA) OU PISO DE CONCRETO COM CONCRETO MOLDADO IN LOCO, FEITO EM OBRA, ACABAMENTO CONVENCIONAL, ESPESSURA 8 CM, ARMADO. AF_07/2016 | D31: M2 | F31: Passeios de concreto
A32: INSUMO | B32: 3777 | C32: LONA PLASTICA PESADA PRETA, E = 150 MICRA | D32: M2 | E32: 1.128 | F32: 2 | G32: 2.256
A33: INSUMO | B33: 4460 | C33: SARRAFO NAO APARELHADO *2,5 X 10* CM, EM MACARANDUBA, ANGELIM OU EQUIVALENTE DA REGIAO - BRUTA | D33: M | E33: 0.25 | F33: 9.15 | G33: 2.2875
A34: INSUMO | B34: 4517 | C34: SARRAFO *2,5 X 7,5* CM EM PINUS, MISTA OU EQUIVALENTE DA REGIAO - BRUTA | D34: M | E34: 0.2 | F34: 2.69 | G34: 0.538
A35: INSUMO | B35: 7156 | C35: TELA DE ACO SOLDADA NERVURADA, CA-60, Q-196, (3,11 KG/M2), DIAMETRO DO FIO = 5,0 MM, LARGURA = 2,45 M, ESPACAMENTO DA MALHA = 10 X 10 CM | D35: M2 | E35: 1.1224 | F35: 24.33 | G35: 27.307992
A36: COMPOSICAO | B36: 88262 | C36: CARPINTEIRO DE FORMAS COM ENCARGOS COMPLEMENTARES | D36: H | E36: 0.1805 | F36: 30.91 | G36: 5.579255
A37: COMPOSICAO | B37: 88309 | C37: PEDREIRO COM ENCARGOS COMPLEMENTARES | D37: H | E37: 0.2767 | F37: 31.34 | G37: 8.671778
A38: COMPOSICAO | B38: 88316 | C38: SERVENTE COM ENCARGOS COMPLEMENTARES | D38: H | E38: 0.4572 | F38: 23.75 | G38: 10.8585
A39: COMPOSICAO | B39: 94964 | C39: CONCRETO FCK = 20MPA, TRAÇO 1:2,7:3 (EM MASSA SECA DE CIMENTO/ AREIA MÉDIA/ BRITA 1) - PREPARO MECÂNICO COM BETONEIRA 400 L. AF_05/2021 | D39: M3 | E39: 0.097 | F39: 580.75 | G39: 56.33275
G40: 113.83177
B42: 94994M | C42: EXECUÇÃO DE PASSEIO (CALÇADA) OU PISO DE CONCRETO COM CONCRETO MOLDADO IN LOCO, FEITO EM OBRA, ACABAMENTO CONVENCIONAL, ESPESSURA 8 CM, ARMADO. AF_07/2016 - EXCLUINDO O SARRAFO E LONA PLÁSTICA | D42: M2 | F42: CUSTO UNI | G42: CUSTO TOTAL
B43: 7156 | C43: TELA DE ACO SOLDADA NERVURADA, CA-60, Q-196, (3,11 KG/M2), DIAMETRO DO FIO = 5,0 MM, LARGURA = 2,45 M, ESPACAMENTO DA MALHA = 10 X 10 CM | D43: M2 | E43: 1.1224 | F43: 24.33 | G43: 27.307992
B44: 88309 | C44: PEDREIRO COM ENCARGOS COMPLEMENTARES | D44: H | E44: 0.2767 | F44: 31.34 | G44: 8.671778
B45: 88316 | C45: SERVENTE COM ENCARGOS COMPLEMENTARES | D45: H | E45: 0.4572 | F45: 23.75 | G45: 10.8585
B46: 94964 | C46: CONCRETO FCK = 20MPA, TRAÇO 1:2,7:3 (EM MASSA SECA DE CIMENTO/ AREIA MÉDIA/ BRITA 1) - PREPARO MECÂNICO COM BETONEIRA 400 L. AF_05/2021 | D46: M3 | E46: 0.097 | F46: 580.75 | G46: 56.33275
B47: 97114 | C47: EXECUÇÃO DE JUNTAS DE CONTRAÇÃO PARA PAVIMENTOS DE CONCRETO. AF_11/2017 | D47: M | E47: 0.0909 | F47: 0.42 | G47: 0.038178
G48: 103.2092
A50: 03.PISO.PASS.014/01 | B50: 94995 | C50: EXECUÇÃO DE PASSEIO (CALÇADA) OU PISO DE CONCRETO COM CONCRETO MOLDADO IN LOCO, USINADO, ACABAMENTO CONVENCIONAL, ESPESSURA 8 CM, ARMADO. AF_07/2016 | D50: M2 | F50: Passeios de concreto | G50: 0
A51: INSUMO | B51: 3777 | C51: LONA PLASTICA PESADA PRETA, E = 150 MICRA | D51: M2 | E51: 1.128 | F51: 2 | G51: 2.256
A52: INSUMO | B52: 4460 | C52: SARRAFO NAO APARELHADO *2,5 X 10* CM, EM MACARANDUBA, ANGELIM OU EQUIVALENTE DA REGIAO - BRUTA | D52: M | E52: 0.25 | F52: 9.15 | G52: 2.2875
A53: INSUMO | B53: 4517 | C53: SARRAFO *2,5 X 7,5* CM EM PINUS, MISTA OU EQUIVALENTE DA REGIAO - BRUTA | D53: M | E53: 0.2 | F53: 2.69 | G53: 0.538
A54: INSUMO | B54: 7156 | C54: TELA DE ACO SOLDADA NERVURADA, CA-60, Q-196, (3,11 KG/M2), DIAMETRO DO FIO = 5,0 MM, LARGURA = 2,45 M, ESPACAMENTO DA MALHA = 10 X 10 CM | D54: M2 | E54: 1.1224 | F54: 24.33 | G54: 27.307992
A55: INSUMO | B55: 34492 | C55: CONCRETO USINADO BOMBEAVEL, CLASSE DE RESISTENCIA C20, COM BRITA 0 E 1, SLUMP = 100 +/- 20 MM, EXCLUI SERVICO DE BOMBEAMENTO (NBR 8953) | D55: M3 | E55: 0.097 | F55: 470 | G55: 45.59
A56: COMPOSICAO | B56: 88262 | C56: CARPINTEIRO DE FORMAS COM ENCARGOS COMPLEMENTARES | D56: H | E56: 0.1805 | F56: 30.91 | G56: 5.579255
A57: COMPOSICAO | B57: 88309 | C57: PEDREIRO COM ENCARGOS COMPLEMENTARES | D57: H | E57: 0.1388 | F57: 31.34 | G57: 4.349992
A58: COMPOSICAO | B58: 88316 | C58: SERVENTE COM ENCARGOS COMPLEMENTARES | D58: H | E58: 0.3193 | F58: 23.75 | G58: 7.583375
G59: 95.492114
B61: 94995M | C61: EXECUÇÃO DE PASSEIO (CALÇADA) OU PISO DE CONCRETO COM CONCRETO MOLDADO IN LOCO, USINADO, ACABAMENTO CONVENCIONAL, ESPESSURA 8 CM, ARMADO. AF_07/2016 - EXCLUINDO O SARRAFO E LONA PLÁSTICA | D61: M2 | F61: CUSTO UNI | G61: CUSTO TOTAL
B62: 7156 | C62: TELA DE ACO SOLDADA NERVURADA, CA-60, Q-196, (3,11 KG/M2), DIAMETRO DO FIO = 5,0 MM, LARGURA = 2,45 M, ESPACAMENTO DA MALHA = 10 X 10 CM | D62: M2 | E62: 1.1224 | F62: 24.33 | G62: 27.307992
B63: 34492 | C63: CONCRETO USINADO BOMBEAVEL, CLASSE DE RESISTENCIA C20, COM BRITA 0 E 1, SLUMP = 100 +/- 20 MM, EXCLUI SERVICO DE BOMBEAMENTO (NBR 8953) | D63: M3 | E63: 0.097 | F63: 470 | G63: 45.59
B64: 88309 | C64: PEDREIRO COM ENCARGOS COMPLEMENTARES | D64: H | E64: 0.1388 | F64: 31.34 | G64: 4.349992
B65: 88316 | C65: SERVENTE COM ENCARGOS COMPLEMENTARES | D65: H | E65: 0.3193 | F65: 23.75 | G65: 7.583375
B66: 97114 | C66: EXECUÇÃO DE JUNTAS DE CONTRAÇÃO PARA PAVIMENTOS DE CONCRETO. AF_04/2022 | D66: M | E66: 0.0909 | F66: 0.42 | G66: 0.038178
G67: 84.869537
A70: 03.PAVI.PAVC.021/01 | B70: 97114 | C70: EXECUÇÃO DE JUNTAS DE CONTRAÇÃO PARA PAVIMENTOS DE CONCRETO. AF_11/2017 | D70: M | F70: Pavimento Rígido de Concreto
A71: COMPOSICAO | B71: 88309 | C71: PEDREIRO COM ENCARGOS COMPLEMENTARES | D71: H | E71: 0.0078
A72: COMPOSICAO | B72: 88316 | C72: SERVENTE COM ENCARGOS COMPLEMENTARES | D72: H | E72: 0.0078
A73: COMPOSICAO | B73: 91283 | C73: CORTADORA DE PISO COM MOTOR 4 TEMPOS A GASOLINA, POTÊNCIA DE 13 HP, COM DISCO DE CORTE DIAMANTADO SEGMENTADO PARA CONCRETO, DIÂMETRO DE 350 MM, FURO DE 1" (14 X 1") - CHP DIURNO. AF_08/2015 | D73: CHP | E73: 0.0062
A75: 03.PAVI.PAVC.015/01 | B75: 97111 | C75: EXECUÇÃO DE PAVIMENTO DE CONCRETO ARMADO (PCA), FCK = 40 MPA, CAMADA COM ESPESSURA DE 15,0 CM. AF_11/2017 | D75: M2 | F75: Pavimento Rígido de Concreto
A76: INSUMO | B76: 4517 | C76: SARRAFO *2,5 X 7,5* CM EM PINUS, MISTA OU EQUIVALENTE DA REGIAO - BRUTA | D76: M | E76: 0.1667
A77: INSUMO | B77: 5069 | C77: PREGO DE ACO POLIDO COM CABECA 17 X 27 (2 1/2 X 11) | D77: KG | E77: 0.0067
A78: INSUMO | B78: 6189 | C78: TABUA NAO APARELHADA *2,5 X 30* CM, EM MACARANDUBA, ANGELIM OU EQUIVALENTE DA REGIAO - BRUTA | D78: M | E78: 0.025
A79: INSUMO | B79: 34496 | C79: CONCRETO USINADO BOMBEAVEL, CLASSE DE RESISTENCIA C40, COM BRITA 0 E 1, SLUMP = 100 +/- 20 MM, EXCLUI SERVICO DE BOMBEAMENTO (NBR 8953) | D79: M3 | E79: 0.1589
A80: INSUMO | B80: 42409 | C80: AGENTE DE CURA, PROTETOR DA EVAPORACAO DA AGUA DE HIDRATACAO DO CONCRETO | D80: KG | E80: 0.4
A81: COMPOSICAO | B81: 88262 | C81: CARPINTEIRO DE FORMAS COM ENCARGOS COMPLEMENTARES | D81: H | E81: 0.0574
A82: COMPOSICAO | B82: 88309 | C82: PEDREIRO COM ENCARGOS COMPLEMENTARES | D82: H | E82: 0.1105
A83: COMPOSICAO | B83: 88316 | C83: SERVENTE COM ENCARGOS COMPLEMENTARES | D83: H | E83: 0.1966
A84: COMPOSICAO | B84: 95270 | C84: RÉGUA VIBRATÓRIA DUPLA PARA CONCRETO, PESO DE 60KG, COMPRIMENTO 4 M, COM MOTOR A GASOLINA, POTÊNCIA 5,5 HP - CHP DIURNO. AF_09/2016 | D84: CHP | E84: 0.0134
A85: COMPOSICAO | B85: 97089 | C85: ARMAÇÃO PARA EXECUÇÃO DE RADIER, PISO DE CONCRETO OU LAJE SOBRE SOLO, COM USO DE TELA Q-113. AF_09/2021 | D85: KG | E85: 1.8
A86: COMPOSICAO | B86: 97092 | C86: ARMAÇÃO PARA EXECUÇÃO DE RADIER, PISO DE CONCRETO OU LAJE SOBRE SOLO, COM USO DE TELA Q-196. AF_09/2021 | D86: KG | E86: 3.11
A87: COMPOSICAO | B87: 97113 | C87: APLICAÇÃO DE LONA PLÁSTICA PARA EXECUÇÃO DE PAVIMENTOS DE CONCRETO. AF_11/2017 | D87: M2 | E87: 1.128
... A91: COMPOSICAO | B91: 97120 | C91: BARRAS DE LIGAÇÃO, AÇO CA-50 DE 10 MM, PARA EXECUÇÃO DE PAVIMENTO DE CONCRETO – FORNECIMENTO E INSTALAÇÃO. AF_11/2017 | D91: KG | E91: 0.3398
B94: 95606M | C94: UMIDIFICAÇÃO DE MATERIAL PARA VALAS COM CAMINHÃO PIPA 10000L. AF_11/2016 | D94: M3 | F94: Reaterro de valas
B95: 5901 | C95: CAMINHÃO PIPA 10.000 L TRUCADO, PESO BRUTO TOTAL 23.000 KG, CARGA ÚTIL MÁXIMA 15.935 KG, DISTÂNCIA ENTRE EIXOS 4,8 M, POTÊNCIA 230 CV, INCLUSIVE TANQUE DE AÇO PARA TRANSPORTE DE ÁGUA - CHP DIURNO. AF_06/2014 | D95: CHP | E95: 0.006 | F95: 334.55 | G95: 2.0073
B96: 5903 | C96: CAMINHÃO PIPA 10.000 L TRUCADO, PESO BRUTO TOTAL 23.000 KG, CARGA ÚTIL MÁXIMA 15.935 KG, DISTÂNCIA ENTRE EIXOS 4,8 M, POTÊNCIA 230 CV, INCLUSIVE TANQUE DE AÇO PARA TRANSPORTE DE ÁGUA - CHI DIURNO. AF_06/2014 | D96: CHI | E96: 0.003 | F96: 75.65 | G96: 0.22695
B97: 88316 | C97: SERVENTE COM ENCARGOS COMPLEMENTARES | D97: H | E97: 0.009 | F97: 23.75 | G97: 0.21375
G98: 2.448
C100: SINAPI 03/2021

Sheet DMT
C7: Distância Média de Transporte
C10: LOCALIDADES | D10: NOVACAP | E10: BOTA-FORA
C11: RAI - BRASÍLIA | D11: - | E11: -
C12: ASA SUL | D12: 10 | E12: 21
C13: ASA NORTE | D13: 15 | E13: 21
D14: 12.5 | E14: 21
C15: VILA PLANALTO | D15: 18 | E15: 29
C16: SAAN | D16: 7 | E16: 11
C17: RA II - GAMA | D17: 28 | E17: 41
C18: RA III - TAGUATINGA | D18: 13 | E18: 13
C19: RA IV - BRAZLÂNDIA | D19: 44 | E19: 29
C20: RA V - SOBRADINHO | D20: 28 | E20: 32
C21: RA VI - PLANALTINA | D21: 47 | E21: 49
C22: RA VII - PARANOÁ | D22: 32 | E22: 35
C23: RA VIII - NÚCLEO BANDEIRANTE | D23: 8 | E23: 22
C24: RA IX - CEILÂNDIA | D24: 21 | E24: 17
C25: RA X - GUARÁ | D25: 7 | E25: 12
C26: RA XI - CRUZEIRO | D26: 6 | E26: 16
... C30: RA XV - RECANTO DAS EMAS | D30: 23 | E30: 28
C31: RA XVI - LAGO SUL | D31: - | E31: -
C32: BALÃO DO AEROP. / P. PRESID MEDICI | D32: 14 | E32: 25
C33: PONTE PRES. MEDICI / P. COSTA E SILVA | D33: 13 | E33: 29
C34: PONTE COSTA E SILVA / BARR. PARANOÁ | D34: 21 | E34: 31
D35: 16 | E35: 28.333333
C36: RA XVII - RIACHO FUNDO I | D36: 14 | E36: 21
C38: RA XVIII - LAGO NORTE | D38: 20 | E38: 22
C39: MANSÕES LAGO NORTE | D39: 26 | E39: 27
D40: 23 | E40: 24.5
C41: RA XIX - CANDANGOLÂNDIA | D41: 7 | E41: 19
C42: RA XX - ÁGUAS CLARAS | D42: 13 | E42: 14
C43: RA XXI - RIACHO FUNDO II | D43: 20 | E43: 25
C44: RA XXII - SUDOESTE | D44: 5 | E44: 16
C45: RA XXIII - VARJÃO | D45: 19 | E45: 21
C46: RA XXIV - PARK WAY | D46: - | E46: -
C47: QUADRA - 18 | D47: 12 | E47: 25
C48: QUADRA - 05 | D48: 11 | E48: 11
D49: 11.5 | E49: 18
C50: RA XXV - SCIA | D50: 13 | E50: 4
C51: RA XXVI - SOBRADINHO II | D51: 31 | E51: 33
C52: RA XXVII - JARDIM BOTÂNICO | D52: 31 | E52: 24
C53: RA XXVIII - ITAPOÃ | D53: 33 | E53: 35
C54: RA XXIX - S.I.A. | D54: 5 | E54: 7
C55: MÉDIA DAS DISTÂNCIAS | D55: 19.42 | E55: 24.25
C57: Média | D57: 32 | E57: 34

Sheet CALÇADAS
B6: MEMÓRIA DE CÁLCULO
A10: Sigla Regional | B10: Código RA | C10: Região Administrativa | D10: Ativo | E10: Tipo Ativo | F10: Material | G10: Condição | H10: Unidade | I10: Valor
A11: DRNO | B11: 5 | C11: SOBRADINHO | D11: Calçada | E11: Pública | F11: Concreto | G11: Ruim | H11: m | I11: 7477.32
A12: DRNO | B12: 5 | C12: SOBRADINHO | D12: Calçada | E12: Pública | F12: Bloco Intertravado | G12: Ruim | H12: m | I12: 58.95
A13: DRNO | B13: 5 | C13: SOBRADINHO | D13: Calçada | E13: Pública | F13: Concreto | G13: Regular | H13: m | I13: 221054.8
A14: DRNO | B14: 5 | C14: SOBRADINHO | D14: Calçada | E14: Pública | F14: Bloco Intertravado | G14: Regular | H14: m | I14: 1589.62
A15: DRNO | B15: 5 | C15: SOBRADINHO | D15: Calçada | E15: Pública | F15: Concreto | G15: Bom | H15: m | I15: 14076.52
A16: DRNO | B16: 5 | C16: SOBRADINHO | D16: Calçada | E16: Pública | F16: Bloco Intertravado | G16: Bom | H16: m | I16: 309.38
A17: DRNO | B17: 6 | C17: PLANALTINA | D17: Calçada | E17: Pública | F17: Concreto | G17: Ruim | H17: m | I17: 17098.67
A18: DRNO | B18: 6 | C18: PLANALTINA | D18: Calçada | E18: Pública | F18: Concreto | G18: Regular | H18: m | I18: 301180.12
A19: DRNO | B19: 6 | C19: PLANALTINA | D19: Calçada | E19: Pública | F19: Bloco Intertravado | G19: Regular | H19: m | I19: 540.48
A20: DRNO | B20: 6 | C20: PLANALTINA | D20: Calçada | E20: Pública | F20: Concreto | G20: Bom | H20: m | I20: 143914.8
A21: DRNO | B21: 6 | C21: PLANALTINA | D21: Calçada | E21: Pública | F21: Bloco Intertravado | G21: Bom | H21: m | I21: 2931.12
A22: DRNO | B22: 6 | C22: PLANALTINA | D22: Calçada | E22: Pública | F22: Pedra Portugues | G22: Bom | H22: m | I22: 15.13
... A243: DRCS | B243: 32 | C243: SOL NASCENTE E POR DO SOL | D243: Calçada | E243: Pública | F243: Bloco Intertravado | G243: Bom | H243: m | I243: 48.99
F245: Ruim | G245: =I56 -> 27204.83 | H245: =GAMA!B9 -> 0.63 | I245: =H245*G245 -> 17139.043
F246: Regular | G246: =I58 -> 332190.55 | H246: =GAMA!B10 -> 0 | I246: =H246*G246 -> 0

Sheet MEIO FIO
A1: Código Regional | B1: Regional | C1: Sigla Regional | D1: Código RA | E1: Região Administrativa | F1: Ativo | G1: Tipo Ativo | H1: Material | I1: Condição | J1: Unidade | K1: Valor
A2: 1 | B2: Divisão Regional Norte | C2: DRNO | D2: 5 | E2: SOBRADINHO | F2: Meio Fio | G2: Concreto | H2: 0 | I2: Ruim | J2: m | K2: 292.95
A3: 1 | B3: Divisão Regional Norte | C3: DRNO | D3: 5 | E3: SOBRADINHO | F3: Meio Fio | G3: Concreto | H3: 0 | I3: Regular | J3: m | K3: 170731.99
A4: 1 | B4: Divisão Regional Norte | C4: DRNO | D4: 5 | E4: SOBRADINHO | F4: Meio Fio | G4: Concreto | H4: 0 | I4: Bom | J4: m | K4: 150117.66
A5: 1 | B5: Divisão Regional Norte | C5: DRNO | D5: 5 | E5: SOBRADINHO | F5: Meio Fio | G5: Pedra | H5: 0 | I5: Regular | J5: m | K5: 47.65
A6: 1 | B6: Divisão Regional Norte | C6: DRNO | D6: 5 | E6: SOBRADINHO | F6: Meio Fio | G6: Pedra | H6: 0 | I6: Bom | J6: m | K6: 34.47
A7: 1 | B7: Divisão Regional Norte | C7: DRNO | D7: 6 | E7: PLANALTINA | F7: Meio Fio | G7: Concreto | H7: 0 | I7: Ruim | J7: m | K7: 6284.2
A8: 1 | B8: Divisão Regional Norte | C8: DRNO | D8: 6 | E8: PLANALTINA | F8: Meio Fio | G8: Concreto | H8: 0 | I8: Regular | J8: m | K8: 301697.28
A9: 1 | B9: Divisão Regional Norte | C9: DRNO | D9: 6 | E9: PLANALTINA | F9: Meio Fio | G9: Concreto | H9: 0 | I9: Bom | J9: m | K9: 336414.76
A10: 1 | B10: Divisão Regional Norte | C10: DRNO | D10: 6 | E10: PLANALTINA | F10: Meio Fio | G10: Concreto | H10: 0 | I10: Regular | J10: m | K10: 3225.69
A11: 1 | B11: Divisão Regional Norte | C11: DRNO | D11: 6 | E11: PLANALTINA | F11: Meio Fio | G11: Pedra | H11: 0 | I11: Regular | J11: m | K11: 74.68
A12: 1 | B12: Divisão Regional Norte | C12: DRNO | D12: 18 | E12: LAGO NORTE | F12: Meio Fio | G12: Concreto | H12: 0 | I12: Ruim | J12: m | K12: 511.95
A13: 1 | B13: Divisão Regional Norte | C13: DRNO | D13: 18 | E13: LAGO NORTE | F13: Meio Fio | G13: Concreto | H13: 0 | I13: Regular | J13: m | K13: 284431.15
... A152: 6 | B152: Divisão Regional Ceilândia/Sol Nascente | C152: DRCS | D152: 32 | E152: SOL NASCENTE E POR DO SOL | F152: Meio Fio | G152: Pedra | H152: 0 | I152: Bom | J152: m | K152: 34.11
G155: Ruim | H155: =K31 -> 16640.42 | I155: =GAMA!I21 -> 0.5 | J155: =H155*I155 -> 8320.21
G156: Regular | H156: =K32+K34 -> 339899.91 | I156: =GAMA!J21 -> 0 | J156: =I156*H156 -> 0

Sheet PV
A1: Código Regional | B1: Regional | C1: Sigla Regional | D1: Código RA | E1: Região Administrativa | F1: Ativo | G1: Tipo Ativo | H1: Material | I1: Condição | J1: Unidade | K1: Valor
A2: 1 | B2: Divisão Regional Norte | C2: DRNO | D2: 5 | E2: SOBRADINHO | F2: Poço de Visita | G2: Saliente | H2: 0 | I2: Ruim | J2: Un | K2: 46
A3: 1 | B3: Divisão Regional Norte | C3: DRNO | D3: 5 | E3: SOBRADINHO | F3: Poço de Visita | G3: Saliente | H3: 0 | I3: Regular | J3: Un | K3: 253
A4: 1 | B4: Divisão Regional Norte | C4: DRNO | D4: 5 | E4: SOBRADINHO | F4: Poço de Visita | G4: Saliente | H4: 0 | I4: Bom | J4: Un | K4: 8
A5: 1 | B5: Divisão Regional Norte | C5: DRNO | D5: 5 | E5: SOBRADINHO | F5: Poço de Visita | G5: Rebaixado | H5: 0 | I5: Ruim | J5: Un | K5: 11
A6: 1 | B6: Divisão Regional Norte | C6: DRNO | D6: 5 | E6: SOBRADINHO | F6: Poço de Visita | G6: Rebaixado | H6: 0 | I6: Regular | J6: Un | K6: 114
A7: 1 | B7: Divisão Regional Norte | C7: DRNO | D7: 5 | E7: SOBRADINHO | F7: Poço de Visita | G7: Rebaixado | H7: 0 | I7: Bom | J7: Un | K7: 4
A8: 1 | B8: Divisão Regional Norte | C8: DRNO | D8: 5 | E8: SOBRADINHO | F8: Poço de Visita | G8: Normal | H8: 0 | I8: Ruim | J8: Un | K8: 4
A9: 1 | B9: Divisão Regional Norte | C9: DRNO | D9: 5 | E9: SOBRADINHO | F9: Poço de Visita | G9: Normal | H9: 0 | I9: Regular | J9: Un | K9: 313
A10: 1 | B10: Divisão Regional Norte | C10: DRNO | D10: 5 | E10: SOBRADINHO | F10: Poço de Visita | G10: Normal | H10: 0 | I10: Bom | J10: Un | K10: 373
A11: 1 | B11: Divisão Regional Norte | C11: DRNO | D11: 6 | E11: PLANALTINA | F11: Poço de Visita | G11: Saliente | H11: 0 | I11: Ruim | J11: Un | K11: 159
A12: 1 | B12: Divisão Regional Norte | C12: DRNO | D12: 6 | E12: PLANALTINA | F12: Poço de Visita | G12: Saliente | H12: 0 | I12: Regular | J12: Un | K12: 519
A13: 1 | B13: Divisão Regional Norte | C13: DRNO | D13: 6 | E13: PLANALTINA | F13: Poço de Visita | G13: Saliente | H13: 0 | I13: Bom | J13: Un | K13: 33
... A304: 6 | B304: Divisão Regional Ceilândia/Sol Nascente | C304: DRCS | D304: 32 | E304: SOL NASCENTE E POR DO SOL | F304: Poço de Visita | G304: Normal | H304: 0 | I304: Bom | J304: Un | K304: 681
K305: =SUM(K70:K76) -> 740 | L305: =GAMA!I39 -> 1 | M305: =L305*K305 -> 740
I307: =SUBTOTAL(9,K70:K76) -> 740 | J307: =GAMA!I39 -> 1 | K307: =J307*I307 -> 740

Sheet BL
A1: Código Regional | B1: Regional | C1: Sigla Regional | D1: Código RA | E1: Região Administrativa | F1: Ativo | G1: Tipo Ativo | H1: Material | I1: Condição | J1: Unidade | K1: Valor
A2: 1 | B2: Divisão Regional Norte | C2: DRNO | D2: 5 | E2: SOBRADINHO | F2: Dispositivo de Drenagem | G2: Boca de Lobo | H2: 0 | I2: Ruim | J2: Un | K2: 59
A3: 1 | B3: Divisão Regional Norte | C3: DRNO | D3: 5 | E3: SOBRADINHO | F3: Dispositivo de Drenagem | G3: Boca de Lobo | H3: 0 | I3: Regular | J3: Un | K3: 327
A4: 1 | B4: Divisão Regional Norte | C4: DRNO | D4: 5 | E4: SOBRADINHO | F4: Dispositivo de Drenagem | G4: Boca de Lobo | H4: 0 | I4: Bom | J4: Un | K4: 279
A5: 1 | B5: Divisão Regional Norte | C5: DRNO | D5: 5 | E5: SOBRADINHO | F5: Dispositivo de Drenagem | G5: Caixa Ralo | H5: 0 | I5: Ruim | J5: Un | K5: 12
A6: 1 | B6: Divisão Regional Norte | C6: DRNO | D6: 5 | E6: SOBRADINHO | F6: Dispositivo de Drenagem | G6: Caixa Ralo | H6: 0 | I6: Regular | J6: Un | K6: 264
A7: 1 | B7: Divisão Regional Norte | C7: DRNO | D7: 5 | E7: SOBRADINHO | F7: Dispositivo de Drenagem | G7: Caixa Ralo | H7: 0 | I7: Bom | J7: Un | K7: 386
A8: 1 | B8: Divisão Regional Norte | C8: DRNO | D8: 5 | E8: SOBRADINHO | F8: Dispositivo de Drenagem | G8: Mata Burro | H8: 0 | I8: Regular | J8: Un | K8: 1
A9: 1 | B9: Divisão Regional Norte | C9: DRNO | D9: 6 | E9: PLANALTINA | F9: Dispositivo de Drenagem | G9: Boca de Lobo | H9: 0 | I9: Ruim | J9: Un | K9: 254
A10: 1 | B10: Divisão Regional Norte | C10: DRNO | D10: 6 | E10: PLANALTINA | F10: Dispositivo de Drenagem | G10: Boca de Lobo | H10: 0 | I10: Regular | J10: Un | K10: 668
A11: 1 | B11: Divisão Regional Norte | C11: DRNO | D11: 6 | E11: PLANALTINA | F11: Dispositivo de Drenagem | G11: Boca de Lobo | H11: 0 | I11: Bom | J11: Un | K11: 1003
A12: 1 | B12: Divisão Regional Norte | C12: DRNO | D12: 6 | E12: PLANALTINA | F12: Dispositivo de Drenagem | G12: Boca de Lobo | H12: 0 | I12: Regular | J12: Un | K12: 3
A13: 1 | B13: Divisão Regional Norte | C13: DRNO | D13: 6 | E13: PLANALTINA | F13: Dispositivo de Drenagem | G13: Caixa Ralo | H13: 0 | I13: Ruim | J13: Un | K13: 19
... A222: 6 | B222: Divisão Regional Ceilândia/Sol Nascente | C222: DRCS | D222: 32 | E222: SOL NASCENTE E POR DO SOL | F222: Dispositivo de Drenagem | G222: Caixa Ralo | H222: 0 | I222: Bom | J222: Un | K222: 160
K223: =SUBTOTAL(9,K2:K222) -> 1247
E226: Ruim | F226: =K51 -> 271 | G226: =GAMA!I89 -> 0.5 | H226: =G226*F226 -> 135.5
E227: Regular | F227: =K52+K54 -> 976 | G227: =GAMA!J89 -> 0 | H227: =G227*F227 -> 0
F228: =SUBTOTAL(9,F226:F227) -> 1247
